 Dungeon Crawl Stone Soup version 0.22.0-40-g68aacdc4c8 (webtiles) character file.

1264841 unregenerate the Slayer (level 27, -3/242 HPs)
             Began as a Gnoll Wanderer on Aug 26, 2018.
             Was the Champion of Okawaru.
             Splashed with acid (11 damage)
             ... on level 3 of the Tomb of the Ancients on Sept 1, 2018.
             The game lasted 18:51:14 (75473 turns).

unregenerate the Slayer (Gnoll Wanderer)           Turns: 75473, Time: 18:51:14

Health: -3/242     AC: 16    Str: 11    XL:     27
Magic:  13/50      EV: 33    Int: 37    God:    Okawaru [******]
Gold:   8497       SH: 18    Dex: 17    Spells: 3/73 levels left

rFire    + . .     SeeInvis +     - Unarmed
rCold    + + +     Gourm    .   M - +2 shield of Resistance {rF+ rC+ MR+}
rNeg     + + +     Faith    .   Y - +0 robe of Napnum {Regen+ Int+7 Slay+3}
rPois    ∞         Spirit   .   S - +0 hat of the Dungeon {MR+++ Dex+4 Slay-2}
rElec    .         Reflect  .   G - scarf {cloud immunity}
rCorr    .         Harm     .   w - +3 pair of gauntlets of War {Slay+5}
MR       +++++                  k - +2 pair of boots {run}
Stlth    +++++++++.             U - amulet of the acrobat
HPRegen  0.90/turn              v - ring "Yleucege" {Wiz rC+ Dex-5 SInv}
MPRegen  0.32/turn              I - ring "Kaewn" {+Fly rPois rN+ Str-3 Int+9}

@: lich-form, aura of abjuration, corroded, slowed, studying 2 skills, very slow
A: distributed training, fangs 1, horns 1, talons 1, repulsion field 1, cold
resistance 1, deterioration 1, dopey 1, shaggy fur 1, weak 1, strong nose
}: 13/15 runes: decaying, slimy, silver, iron, obsidian, icy, bone, demonic,
glowing, magical, fiery, dark, gossamer
a: End Transformation, Heroism, Finesse, Renounce Religion, Evoke Flight


You were on level 3 of the Tomb of the Ancients.
You worshipped Okawaru.
Okawaru was exalted by your worship.
You were not hungry.
You were a lich.
You visited 16 branches of the dungeon, and saw 84 of its levels.
You visited Pandemonium 2 times, and saw 18 of its levels.
You visited 1 bazaar.
You visited 1 ziggurat, and saw 22 of its levels.
You also visited: Trove, Sewer, Ossuary, Volcano and Desolation.

You collected 14549 gold pieces.
You spent 6052 gold pieces at shops.

Inventory:

Hand Weapons
 b - a +9 blowgun
 j - the +12 hunting sling "Uhyl Lugae" {velocity, rN++}
   (You found it on level 7 of a ziggurat)

   Any stone fired from it inflicts extra damage.
   It greatly protects you from negative energy.
 y - a +9 quick blade of flaming
Missiles
 H - 6 tomahawks of returning (quivered)
 L - 19 needles of confusion
 Q - 184 sling bullets
 T - a throwing net
Armour
 k - a +2 pair of boots of running (worn)
 w - the +3 pair of gauntlets of War (worn) {Slay+5}
   (You found it in a volcano)

   It affects your accuracy and damage with ranged weapons and melee attacks
   (+5).
 G - a scarf of cloud immunity (worn)
 M - the +2 shield of Resistance (worn) {rF+ rC+ MR+}
   (You took it off a deep elf mage on level 5 of the Vaults)

   It protects you from fire.
   It protects you from cold.
   It affects your resistance to hostile enchantments.
 S - the +0 hat of the Dungeon (worn) {MR+++ Dex+4 Slay-2}
   (Okawaru gifted it to you in Pandemonium)

   It affects your dexterity (+4).
   It affects your accuracy and damage with ranged weapons and melee attacks
   (-2).
   It affects your resistance to hostile enchantments.
 Y - the +0 robe of Napnum (worn) {Regen+ Int+7 Slay+3}
   (You found it on level 15 of a ziggurat)

   It affects your intelligence (+7).
   It affects your accuracy and damage with ranged weapons and melee attacks
   (+3).
   It increases your rate of regeneration.
Magical Staves
 x - an uncursed staff of energy
Jewellery
 l - the ring "Ucwor" {+Fly rC+ Str+2, unknown}
   (You found it on level 3 of the Tomb of the Ancients)

   [ring of flight]

   It affects your strength (+2).
   It protects you from cold.
   It lets you fly.
 v - the ring "Yleucege" (left hand) {Wiz rC+ Dex-5 SInv}
   (You found it on level 4 of a ziggurat)

   [ring of wizardry]

   It improves your spell success rate.
   It affects your dexterity (-5).
   It protects you from cold.
   It lets you see invisible.
 I - the ring "Kaewn" (right hand) {+Fly rPois rN+ Str-3 Int+9}
   (You took it off a vampire on level 3 of the Crypt)

   [ring of positive energy]

   It affects your strength (-3).
   It affects your intelligence (+9).
   It protects you from poison.
   It protects you from negative energy.
   It lets you fly.
 U - an amulet of the acrobat (around neck)
Wands
 i - a wand of acid (37)
 m - a wand of digging (43)
 A - a wand of iceblast (36)
 B - a wand of polymorph (50)
 J - a wand of paralysis (67)
 Z - a wand of clouds (15)
Scrolls
 e - a scroll of identify
 f - 15 scrolls of fog
 g - a scroll of magic mapping
 h - 6 scrolls of remove curse
 n - 12 scrolls of fear
 o - 29 scrolls of teleportation
 s - 5 scrolls of immolation
 N - 15 scrolls of blinking
 R - 4 scrolls of amnesia
 V - a scroll of summoning
Potions
 a - 3 potions of mutation
 c - 34 potions of curing
 p - 6 potions of brilliance
 q - 10 potions of heal wounds
 u - 6 potions of ambrosia
 C - 6 potions of resistance
 D - 4 potions of might
 E - 7 potions of haste
 O - a potion of magic
Books
 t - a manual of Air Magic
 K - a manual of Axes
Miscellaneous
 r - the horn of Geryon
 z - a lamp of fire
 F - a figurine of a ziggurat
 P - a lightning rod (4/4)
 W - 10 phantom mirrors
 X - 7 boxes of beasts
Comestibles
 d - 68 rations


   Skills:
 + Level 25.3 Fighting
 + Level 23.6 Short Blades
 + Level 23.5 Long Blades
 + Level 24.1 Axes
 + Level 23.5 Maces & Flails
 + Level 23.5 Polearms
 + Level 23.5 Staves
 + Level 23.5 Slings
 + Level 23.5 Bows
 + Level 23.5 Crossbows
 + Level 23.5 Throwing
 + Level 23.6 Armour
 + Level 24.5 Dodging
 + Level 23.6 Stealth
 + Level 23.6 Shields
 + Level 23.5 Unarmed Combat
 + Level 23.5 Spellcasting
 + Level 20.5 Conjurations
 + Level 20.5 Hexes
 + Level 20.5 Charms
 + Level 20.5 Summonings
 + Level 20.5 Necromancy
 + Level 20.5 Translocations
 + Level 20.5 Transmutations
 + Level 20.5 Fire Magic
 + Level 20.5 Ice Magic
 + Level 21.8 Air Magic
 + Level 20.5 Earth Magic
 + Level 20.5 Poison Magic
 + Level 25.2 Invocations
 + Level 23.6 Evocations


You had 3 spell levels left.
You knew the following spells:

 Your Spells              Type           Power        Failure   Level  Hunger
b - Controlled Blink      Tloc           N/A          1%          8    N/A
e - Borgnjor's Vile Clut  Necr/Erth      ########..   0%          5    N/A
g - Mephitic Cloud        Conj/Pois/Air  ########     0%          3    N/A
i - Ignition              Fire           ########..   1%          8    N/A
j - Summon Lightning Spi  Summ/Air       ########     0%          4    N/A
k - Regeneration          Chrm/Necr      ########..   0%          3    N/A
n - Necromutation         Tmut/Necr      ########..   1%          8    N/A
p - Passage of Golubria   Tloc           N/A          0%          4    N/A
q - Sublimation of Blood  Necr           ########..   0%          2    N/A
t - Tornado               Air            ########..   2%          9    N/A
u - Aura of Abjuration    Summ           ########..   0%          5    N/A
w - Passwall              Tmut/Erth      ########     0%          2    N/A
x - Blink                 Tloc           N/A          0%          2    N/A
y - Statue Form           Tmut/Erth      ########.    0%          6    N/A
z - Apportation           Tloc           ######       0%          1    N/A

Your spell library contained the following spells:

 Spells                   Type           Power        Failure   Level  Hunger
 Animate Skeleton         Necr           N/A          0%          1    N/A
 Beastly Appendage        Tmut           ######       0%          1    N/A
 Confusing Touch          Hex            ######       0%          1    N/A
 Corona                   Hex            #######      0%          1    N/A
 Flame Tongue             Conj/Fire      #####        0%          1    N/A
 Freeze                   Ice            ####         0%          1    N/A
 Infusion                 Chrm           ####         0%          1    N/A
 Magic Dart               Conj           ####         0%          1    N/A
 Pain                     Necr           ####         0%          1    N/A
 Shock                    Conj/Air       ####         0%          1    N/A
 Sting                    Conj/Pois      ####         0%          1    N/A
 Summon Butterflies       Summ           ########     0%          1    N/A
 Summon Small Mammal      Summ           ####         0%          1    N/A
 Call Imp                 Summ           ########     0%          2    N/A
 Corpse Rot               Necr           N/A          0%          2    N/A
 Ensorcelled Hibernation  Hex/Ice        ######       0%          2    N/A
 Poisonous Vapours        Pois/Air       ######       0%          2    N/A
 Searing Ray              Conj           ######       0%          2    N/A
 Shroud of Golubria       Chrm/Tloc      ########..   0%          2    N/A
 Slow                     Hex            ########     0%          2    N/A
 Sticks to Snakes         Tmut           ########     0%          2    N/A
 Swiftness                Chrm/Air       ########     0%          2    N/A
 Throw Flame              Conj/Fire      ######       0%          2    N/A
 Throw Frost              Conj/Ice       ######       0%          2    N/A
 Call Canine Familiar     Summ           ########     0%          3    N/A
 Confuse                  Hex            ########     0%          3    N/A
 Conjure Flame            Conj/Fire      ########     0%          3    N/A
 Dazzling Spray           Conj/Hex       ######       0%          3    N/A
 Gell's Gravitas          Tloc           ########..   0%          3    N/A
 Ignite Poison            Fire/Tmut/Pois ########     0%          3    N/A
 Inner Flame              Hex/Fire       ########     0%          3    N/A
 Lesser Beckoning         Tloc           ########..   0%          3    N/A
 Ozocubu's Armour         Chrm/Ice       ########     0%          3    N/A
 Portal Projectile        Hex/Tloc       ######       0%          3    N/A
 Recall                   Summ/Tloc      N/A          0%          3    N/A
 Spectral Weapon          Hex/Chrm       ########     0%          3    N/A
 Spider Form              Tmut/Pois      ########..   0%          3    N/A
 Static Discharge         Conj/Air       ########     0%          3    N/A
 Stone Arrow              Conj/Erth      ######       0%          3    N/A
 Summon Guardian Golem    Hex/Summ       ########     0%          3    N/A
 Tukima's Dance           Hex            ########     0%          3    N/A
 Vampiric Draining        Necr           ########..   0%          3    N/A
 Airstrike                Air            ########..   0%          4    N/A
 Animate Dead             Necr           N/A          0%          4    N/A
 Cause Fear               Hex            ########..   0%          4    N/A
 Force Lance              Conj/Tloc      ########     0%          4    N/A
 Fulminant Prism          Conj/Hex       ########..   0%          4    N/A
 Ice Form                 Ice/Tmut       ########     0%          4    N/A
 Iskenderun's Mystic Bla  Conj           ########     0%          4    N/A
 Leda's Liquefaction      Hex/Erth       ########..   0%          4    N/A
 Olgreb's Toxic Radiance  Pois           ########     0%          4    N/A
 Petrify                  Tmut/Erth      ########     0%          4    N/A
 Sticky Flame             Conj/Fire      ########     0%          4    N/A
 Summon Ice Beast         Ice/Summ       ########     0%          4    N/A
 Throw Icicle             Conj/Ice       ########     0%          4    N/A
 Agony                    Necr           ########     0%          5    N/A
 Alistair's Intoxication  Tmut/Pois      ########     0%          5    N/A
 Blade Hands              Tmut           ########..   0%          5    N/A
 Bolt of Draining         Conj/Necr      ########..   0%          5    N/A
 Bolt of Magma            Conj/Fire/Erth ########..   0%          5    N/A
 Dispel Undead            Necr           ########     0%          5    N/A
 Excruciating Wounds      Chrm/Necr      ########..   0%          5    N/A
 Fireball                 Conj/Fire      ########..   0%          5    N/A
 Irradiate                Conj/Tmut      ########..   0%          5    N/A
 Iskenderun's Battlesphe  Conj/Chrm      ########     0%          5    N/A
 Lee's Rapid Deconstruct  Erth           ########..   0%          5    N/A
 Lightning Bolt           Conj/Air       ########..   0%          5    N/A
 Metabolic Englaciation   Hex/Ice        ########..   0%          5    N/A
 Silence                  Hex/Air        ########..   0%          5    N/A
 Summon Demon             Summ           ########..   0%          5    N/A
 Summon Forest            Summ/Tloc      ########..   0%          5    N/A
 Summon Mana Viper        Hex/Summ       ########     0%          5    N/A
 Venom Bolt               Conj/Pois      ########..   0%          5    N/A
 Yara's Violent Unravell  Hex/Tmut       ########..   0%          5    N/A
 Bolt of Cold             Conj/Ice       ########..   0%          6    N/A
 Bolt of Fire             Conj/Fire      ########..   0%          6    N/A
 Conjure Ball Lightning   Conj/Air       ########..   0%          6    N/A
 Darkness                 Hex            ########..   0%          6    N/A
 Death Channel            Necr           ########..   0%          6    N/A
 Deflect Missiles         Chrm/Air       ########..   0%          6    N/A
 Dispersal                Tloc           ########..   0%          6    N/A
 Freezing Cloud           Conj/Ice/Air   ########..   0%          6    N/A
 Hydra Form               Tmut           ########..   0%          6    N/A
 Invisibility             Hex            ########     0%          6    N/A
 Iron Shot                Conj/Erth      ########..   0%          6    N/A
 Ozocubu's Refrigeration  Ice            ########..   0%          6    N/A
 Poison Arrow             Conj/Pois      ########..   0%          6    N/A
 Shadow Creatures         Summ           N/A          0%          6    N/A
 Simulacrum               Ice/Necr       ########..   0%          6    N/A
 Dragon Form              Tmut           ########..   1%          7    N/A
 Haunt                    Necr/Summ      ########..   1%          7    N/A
 Malign Gateway           Summ/Tloc      ########..   1%          7    N/A
 Monstrous Menagerie      Summ           ########..   1%          7    N/A
 Orb of Destruction       Conj           ########..   1%          7    N/A
 Ring of Flames           Chrm/Fire      ########..   1%          7    N/A
 Spellforged Servitor     Conj/Summ      ########..   1%          7    N/A
 Summon Greater Demon     Summ           ########..   1%          7    N/A
 Summon Hydra             Summ           ########..   1%          7    N/A
 Borgnjor's Revivificati  Necr           ########..   1%          8    N/A
 Chain Lightning          Conj/Air       ########..   1%          8    N/A
 Death's Door             Chrm/Necr      ########..   1%          8    N/A
 Discord                  Hex            ########..   1%          8    N/A
 Disjunction              Tloc           ########..   1%          8    N/A
 Infestation              Necr           ########..   1%          8    N/A
 Lehudib's Crystal Spear  Conj/Erth      ########..   1%          8    N/A
 Summon Horrible Things   Summ           ########..   1%          8    N/A
 Dragon's Call            Summ           ########..   4%          9    N/A
 Fire Storm               Conj/Fire      ########..   4%          9    N/A
 Glaciate                 Conj/Ice       ########..   4%          9    N/A
 Shatter                  Erth           ########..   4%          9    N/A

Dungeon Overview and Level Annotations

Branches:
Dungeon (15/15)            Temple (0/1) D:5            Lair (6/6) D:8
  Swamp (4/4) Lair:3       Spider (4/4) Lair:4        Slime (5/5) Lair:5
    Orc (2/2) D:10            Elf (3/3) Orc:2        Vaults (5/5) D:13
  Crypt (3/3) Vaults:2       Tomb (3/3) Crypt:3      Depths (5/5) D:15
   Hell (1/1)                 Dis (7/7) Hell            Geh (7/7) Hell
    Coc (7/7) Hell            Tar (7/7) Hell            Zot (0/5) Depths:5

Altars:
Cheibriados
Gozag
Kikubaaqudgha
Makhleb
Okawaru
Trog
Xom
Yredelemnul
The Shining One
Beogh
Jiyva

Shops:
D:6 !   D:7 :   D:8 }   D:11 ?   Orc:2 [(!   Elf:2 *   Vaults:1 [*!
Depths:1 (=   Depths:4 [

Portals:
Hell: Depths:1 Depths:2 Depths:3 Depths:4 Depths:5
Abyss: Depths:3 Depths:4
Pandemonium: Depths:3

Annotations:
D:7 2 transporters
Elf:2 3 runed doors
Depths:1 3 runed doors, Oveepsun's ghost, veteran CeHu
Depths:5 3 runed doors
Coc:7 exclusion: 2 ice statues, Antaeus


Innate Abilities, Weirdness & Mutations

Your experience applies equally to all skills.
You have very sharp teeth.
Your uncanny sense of smell can sniff out nearby items.
You have a pair of small horns on your head.
You have sharp toenails.
You are surrounded by a mild repulsion field. (EV +2)
Your flesh is cold resistant. (rC+)
Your body sometimes deteriorates upon taking damage.
You are dopey. (Int -2)
You are covered in fur. (AC +1)
You are weak. (Str -2)


Message History

The emperor scorpion disappears in a puff of smoke! x2
The wight disappears in a puff of smoke!
The phantasmal warrior disappears in a puff of smoke!
The flying skull shudders.
The winds around you calm down. You block the death scarab's attack.
The emperor scorpion completely misses you.
You block the emperor scorpion's attack.
The emperor scorpion completely misses you.
The greater mummy hits you.
* * * LOW HITPOINT WARNING * * *
The emperor scorpion completely misses you.
The emperor scorpion barely misses you.
The emperor scorpion closely misses you.
A guardian mummy comes into view.
The power of Zot is invoked against you!
There is a sudden blast of acid!
The acid blast engulfs you!
* * * LOW HITPOINT WARNING * * *
The acid corrodes you!
You are splashed with acid!
The acid burns!
You die...

###+## ##....###
##......$## .$sss..
##..^....$:# ......s..
##§........$##
#....s.s.##.^.§^.....$$#
#......##...Ms...$$$$$#
#.M..M.##.†§L§^...=$$$#
#...sMs#.^.sMs$$$[$:$$#
∆
#.....§#M^zM..$$$$($$$#
+..."VMM§...$$$$$$$$.##
#....§M#§..^$$$$$$$$##
#....§.#.%..$$$$$$$##
#......##...$$$$$?##
#......##...[$$$$##
#......###$$$$$$##


You could see 3 greater mummies, 2 emperor scorpions, a jiangshi, 4 guardian
mummies, a death scarab and a flying skull.

Vanquished Creatures
  Cerebov (Pan)
  Asmodeus (Geh:7)
  Gloorx Vloq (Pan)
  the Royal Jelly (Slime:5)
  Ereshkigal (Tar:7)
  the Serpent of Hell (Coc:7)
  Lom Lobon (Pan)
  Mnoleg (Pan)
  Dispater (Dis:7)
  An ancient lich (Tomb:2)
  13 juggernauts
  26 greater mummies
  13 shard shrikes
  A caustic shrike (Zig:12)
  The ghost of SnubMonkey the Slayer, a veteran GrBe of Trog (Elf:3)
  Geryon (Hell)
  5 pandemonium lords
  Xtahua (Depths:5)
  4 Killer Klowns
  Nikola (Vaults:2)
  5 golden dragons
  the Enchantress (Depths:4)
  7 bone dragons
  A doom hound (Tar:7)
  34 Tzitzimimeh
  Arachne (Spider:2)
  18 Brimstone Fiends
  19 Ice Fiends
  5 iron giants
  6 tentacled monstrosities
  6 deep elf blademasters
  13 Hell Sentinels
  3 quicksilver dragons
  Asterion (Elf:1)
  10 liches
  12 titans
  A quicksilver dragon (shapeshifter) (D:15)
  9 deep elf master archers
  18 Executioners
  5 ancient champions
  13 sphinxes
  2 thorn hunters
  20 acid blobs
  9 storm dragons
  8 shadow dragons
  4 warmongers (Pan)
  Kirke (Spider:2)
  5 revenants
  3 azure jellies (shapeshifter)
  13 fire giants
  A nagaraja (Zig:8)
  19 azure jellies
  11 tengu reavers
  10 iron dragons
  25 frost giants
  15 vault wardens
  10 ghost moths
  40 balrugs
  9 deep elf sorcerers
  2 imperial myrmidons (Desolation)
  A draconian knight (Zig:13)
  4 ghouls (Crypt:3)
  A draconian shifter (Depths:5)
  24 cacodemons
  2 juggernaut zombies
  5 emperor scorpions
  3 curse skulls
  13 black suns
  2 caustic shrike zombies (Zig:21)
  10 ironheart preservers
  7 orc warlords
  4 war gargoyles
  5 spriggan defenders
  A deep elf elementalist (Elf:3)
  3 draconian annihilators (Pan)
  3 elemental wellsprings (Coc:7)
  4 blood saints
  65 reapers
  23 stone giants
  20 very ugly things
  3 juggernaut skeletons
  4 caustic shrike skeletons
  13 entropy weavers
  20 vampire knights
  Nessos (D:14)
  The ghost of Wiumium the Blocker, a journeyman MiFi of Trog (D:15)
  8 corrupters (Pan)
  Azrael (Elf:2)
  14 bennus
  10 deep elf demonologists
  5 dire elephants (Lair:6)
  5 spark wasps
  A purple draconian (Depths:5)
  8 deep elf annihilators
  A dire elephant (shapeshifter) (Zig:6)
  11 lorocyprocas
  2 halazid warlocks (Desolation)
  A red draconian (Depths:5)
  2 eidola (Crypt:3)
  6 fire dragons
  30 blizzard demons
  A merfolk javelineer (Depths:2)
  18 green deaths
  4 quicksilver dragon zombies
  3 crystal guardians
  7 death oozes
  5 deep elf high priests
  5 deep elf death magi
  13 ettins
  3 ragged hierophants (Desolation)
  6 jiangshi
  11 great orbs of eyes
  20 mummy priests
  A kraken zombie (Hell)
  12 yaktaur captains
  Erolcha (D:13)
  7 monstrous demonspawn
  2 quicksilver dragon skeletons
  6 servants of whispers (Desolation)
  25 vault guards (Vaults:5)
  5 peacekeepers (Desolation)
  20 hydras
  6 hell beasts
  3 spriggan air magi
  24 ice dragons
  5 rakshasas
  11 centaur warriors
  11 ghost crabs
  An anaconda (Lair:6)
  A catoblepas (Lair:6)
  5 death knights
  12 ogre magi
  18 alligators
  3 titan zombies
  8 orc high priests
  A death yak (Lair:5)
  33 hell hogs
  18 death scarabs
  10 vampire magi
  35 two-headed ogres
  A two-headed ogre (shapeshifter) (D:15)
  6 deep troll shamans
  8 deep troll earth magi
  2 naga sharpshooters (Zig:8)
  A spectral storm dragon (Zig:14)
  15 dancing weapons
  4 tengu warriors
  5 shock serpents
  3 spriggan berserkers (Depths:3)
  A shock serpent (shapeshifter) (Vaults:1)
  18 deep elf knights
  7 spriggans
  46 soul eaters
  Sonja (D:10)
  74 sun demons
  9 storm dragon zombies
  A fire crab (shapeshifter) (Vaults:2)
  2 iron golems
  2 titan skeletons
  8 storm dragon skeletons
  20 sixfirhies
  15 iron trolls
  100 skeletal warriors
  11 shadow wraiths
  A glowing orange brain (shapeshifter) (Zig:11)
  3 ghost moth zombies
  50 hell knights
  A quicksilver dragon simulacrum (Coc:7)
  4 gelid demonspawn (Pan)
  3 torturous demonspawn (Pan)
  A sea snake (shapeshifter) (Zig:11)
  20 deep trolls
  A swamp dragon (shapeshifter) (Zig:22)
  11 anaconda zombies
  10 infernal demonspawn
  6 spriggan druids
  14 flayed ghosts
  8 glowing orange brains
  6 golden dragon zombies
  2 naga ritualists (Zig:8)
  3 unseen horrors
  33 deep elf archers
  3 death drakes
  21 shadow demons
  7 golden dragon skeletons
  10 swamp dragons
  7 anaconda skeletons
  A lindwurm (Volcano)
  20 phantasmal warriors
  A harpy (Vaults:4)
  68 deep elf magi
  A tengu skeleton (Zig:15)
  A shambling mangrove (Zig:17)
  18 ironbrand convokers
  7 wizards
  26 necromancers
  5 wolf spider zombies
  5 shadow dragon zombies
  An orb spider (shapeshifter) (Vaults:4)
  51 wolf spiders
  A mana viper (shapeshifter) (D:15)
  11 iron dragon zombies
  8 orc sorcerers
  16 orc knights
  8 shadow dragon skeletons
  14 shining eyes
  9 stone giant zombies
  A cyclops (shapeshifter) (D:14)
  10 frost giant zombies
  11 oklob plants
  27 orb spiders
  75 ugly things
  3 iron dragon skeletons
  18 elephants
  6 fire giant skeletons
  5 moths of wrath
  2 sphinx skeletons
  A salamander (Geh:7)
  10 cyclopes
  37 large abominations
  3 naga magi (Zig:8)
  9 black mambas
  13 frost giant skeletons
  8 stone giant skeletons
  38 smoke demons
  11 molten gargoyles
  A moth of wrath (shapeshifter) (Vaults:5)
  12 fire giant zombies
  7 torpor snails
  17 rust devils
  6 gargoyles
  12 vault sentinels
  2 shock serpent zombies
  5 eyes of devastation
  A water nymph (shapeshifter) (Zig:11)
  2 titan simulacra
  5 dire elephant zombies
  A shock serpent skeleton (Pan)
  7 apocalypse crabs
  3 spiny frogs (shapeshifter)
  20 spiny frogs
  An eye of devastation (shapeshifter) (Vaults:5)
  18 orange demons
  A storm dragon simulacrum (Hell)
  32 hellions
  6 guardian serpents
  An emperor scorpion zombie (Dis:7)
  6 centaur skeletons
  5 ice statues
  13 spectral swamp worms
  A kobold demonologist (D:15)
  A komodo dragon (shapeshifter) (Vaults:3)
  35 freezing wraiths
  20 efreet
  A green draconian zombie (Crypt:3)
  9 komodo dragons
  2 dire elephant skeletons
  5 rime drakes
  A catoblepas skeleton (Geh:1)
  A swamp worm zombie (Crypt:3)
  A golden dragon simulacrum (Zig:13)
  2 anaconda simulacra
  18 hellwings (Pan)
  A yaktaur (shapeshifter) (Vaults:4)
  53 ice devils
  2 silent spectres
  76 yaktaurs
  3 catoblepas zombies
  61 tormentors
  33 demonic crawlers
  2 queen bees (shapeshifter)
  A spriggan skeleton (Depths:1)
  31 guardian mummies
  53 red devils
  A jumping spider (shapeshifter) (Vaults:4)
  4 polar bears
  2 tengu conjurers (D:15)
  13 hydra zombies
  A wind drake (shapeshifter) (Depths:1)
  A wind drake (Zig:10)
  A shadow dragon simulacrum (Coc:7)
  17 trolls
  13 tyrant leeches
  A fire dragon zombie (Tar:6)
  4 harpy zombies
  3 harpy skeletons
  31 jumping spiders
  17 hornets
  34 saltlings (Desolation)
  11 blink frogs
  8 hydra skeletons
  A hippogriff (shapeshifter) (Vaults:1)
  4 ettin zombies
  2 dream sheep (shapeshifter)
  12 bog bodies
  96 slime creatures
  8 ice dragon zombies
  6 spriggan zombies
  A slime creature (shapeshifter) (Vaults:1)
  2 fire giant simulacra
  5 alligator zombies
  104 flying skulls
  8 hippogriffs
  32 shadows
  A spriggan (shapeshifter) (Vaults:2)
  4 air elementals
  A frost giant simulacrum (Zig:13)
  67 redbacks
  5 ettin skeletons
  A redback (shapeshifter) (Vaults:1)
  5 fire dragon skeletons
  2 ice dragon skeletons
  2 alligator skeletons
  3 black mamba zombies
  22 vampires
  9 wyverns
  15 ynoxinuls (Pan)
  4 hogs (Spider:2)
  23 water elementals
  28 wraiths
  29 yaks
  A yak (shapeshifter) (Vaults:1)
  39 tarantellas
  4 basilisks
  A black mamba skeleton (Tar:4)
  11 fire bats
  7 golden eyes
  A golden eye (shapeshifter) (Depths:2)
  24 fire elementals
  16 humans (D:13)
  4 hungry ghosts
  8 ushabtiu
  2 steam dragons
  20 chaos spawn
  12 vampire mosquitoes
  15 neqoxecs
  2 spatial vortices (Geh:7)
  11 swamp worms
  A water nymph zombie (Crypt:2)
  A merfolk zombie (Geh:7)
  9 wargs
  A naga (Zig:8)
  90 hell hounds
  11 insubstantial wisps
  A merfolk skeleton (Geh:3)
  3 acid dragons
  12 water moccasins
  A hydra simulacrum (Hell)
  2 floating eyes (shapeshifter)
  7 porcupines
  A spiny frog skeleton (Coc:7)
  12 spiny frog zombies
  14 swamp drakes
  3 floating eyes
  9 snapping turtle zombies
  3 sky beasts
  A manticore zombie (Tar:4)
  69 orc warriors
  A black bear (D:10)
  15 eyes of draining
  An ice dragon simulacrum (Coc:6)
  48 ogres
  7 phantoms
  18 ice beasts
  An alligator simulacrum (Coc:7)
  16 necrophages
  16 boggarts
  12 wolves
  2 ogres (shapeshifter) (Vaults:1)
  2 manticore skeletons
  6 crocodiles
  18 centaurs
  A crocodile (shapeshifter) (Zig:22)
  A swamp dragon skeleton (Coc:1)
  3 elf skeletons
  3 snapping turtle skeletons
  2 big kobolds
  6 elf zombies
  2 wyvern zombies
  13 bullfrogs
  9 earth elementals
  2 deep troll simulacra
  A hippogriff skeleton (Crypt:3)
  A spiny frog simulacrum (Hell)
  5 scorpions
  A small abomination (Swamp:4)
  A cyclops skeleton (Crypt:2)
  4 killer bees (D:11)
  35 wights
  6 electric eels
  7 centaur zombies
  3 lava snakes (Volcano)
  A bullfrog zombie (Ossuary)
  4 quasits
  11 hounds
  6 crimson imps
  3 human simulacra
  A bullfrog skeleton (D:13)
  3 human zombies
  25 orc priests
  20 iron imps
  7 jellies
  31 orc wizards
  3 iguanas
  A human skeleton (Coc:6)
  56 mummies
  5 hell rats (Hell)
  A lightning spire (Zig:17)
  12 worker ants
  A killer bee zombie (D:6)
  3 tengu zombies
  A big kobold skeleton (Crypt:2)
  2 hound zombies
  A hound skeleton (D:7)
  2 howler monkey zombies (Ossuary)
  4 worker ant zombies
  9 gnolls
  A naga simulacrum (Coc:7)
  6 adders
  A river rat (shapeshifter) (Vaults:5)
  A river rat (D:6)
  13 shadow imps
  23 white imps
  2 ufetubi (Depths:3)
  6 oozes
  An adder skeleton (D:5)
  4 adder zombies (Ossuary)
  9 worms
  A barachi skeleton (Crypt:3)
  3 dart slugs
  3 leopard geckos
  124 orcs
  A bat (shapeshifter) (Vaults:5)
  A bat zombie (Crypt:1)
  7 giant cockroaches
  4 goblins
  13 hobgoblins
  11 jackals
  3 quokkas
  3 ball pythons
  18 bats
  A frilled lizard (Sewer)
  A jackal skeleton (D:7)
  24 kobolds
  A kobold zombie (D:6)
  A leopard gecko skeleton (D:6)
  3 leopard gecko zombies
  An orc skeleton (Geh:1)
  An orc zombie (Tar:3)
  4 rats
  2 briar patches (Swamp:4)
  A bush (D:14)
  3 fungi
  10 plants
  A tentacle (Hell)
4828 creatures vanquished.

Vanquished Creatures (collateral kills)
  A Tzitzimitl (Pan)
  A Brimstone Fiend (Geh:3)
  An iron giant (Dis:7)
  2 tentacled monstrosities (Vaults:5)
  An Ice Fiend (Coc:7)
  3 acid blobs
  An Executioner (Pan)
  A storm dragon (Pan)
  2 sphinxes (Vaults:5)
  A shadow dragon (Vaults:5)
  An ancient champion (Dis:7)
  A tengu reaver (Vaults:5)
  A fire giant (Geh:7)
  A ghost moth (Spider:4)
  4 iron dragons (Dis:7)
  A vault warden (Vaults:5)
  A balrug (Depths:5)
  A frost giant (Depths:4)
  A cacodemon (Dis:7)
  2 ironheart preservers (Vaults:5)
  2 ghouls (Crypt:3)
  An elemental wellspring (Coc:6)
  2 very ugly things (Depths:4)
  4 deep elf annihilators
  A purple draconian (Depths:5)
  A yellow draconian (Depths:5)
  A death ooze (Depths:4)
  Snorg (Lair:6)
  2 ettins
  A yaktaur captain (Depths:1)
  3 great orbs of eyes
  A rakshasa (Depths:1)
  An ogre mage (Vaults:3)
  An ice dragon (Depths:2)
  A monstrous demonspawn (Pan)
  3 hydras
  7 two-headed ogres
  2 alligators (Swamp:2)
  A deep troll shaman (Depths:5)
  A hell hog (Geh:6)
  A thrashing horror (Swamp:4)
  A sun demon (Depths:1)
  A titan skeleton (Coc:7)
  A deep elf knight (Elf:3)
  3 skeletal warriors (Coc:7)
  4 hell knights
  A fire crab (Volcano)
  A ghost moth zombie (Dis:7)
  An infernal demonspawn (Pan)
  A torturous demonspawn (Pan)
  A wizard (Pan)
  A deep troll (Vaults:5)
  2 anaconda zombies
  2 orc knights (Orc:2)
  A lindwurm (shapeshifter) (Depths:2)
  5 deep elf archers
  8 deep elf magi
  A phantasmal warrior (Vaults:5)
  A mana viper (shapeshifter) (Depths:2)
  4 shining eyes
  A frost giant zombie (Geh:5)
  9 ugly things
  4 wolf spiders
  A shining eye (shapeshifter) (Depths:3)
  An oklob plant (Lair:3)
  3 large abominations
  5 elephants
  An eye of devastation (Zig:16)
  2 rust devils
  A molten gargoyle (Geh:7)
  A spectral swamp worm (Depths:3)
  A smoke demon (Pan)
  3 vault sentinels
  A dire elephant zombie (Geh:6)
  A centaur skeleton (D:10)
  An orange demon (Pan)
  3 spiny frogs
  A kobold demonologist (D:12)
  2 ice devils (Coc:7)
  A yaktaur (Vaults:4)
  5 freezing wraiths
  2 tormentors (Dis:7)
  A black draconian zombie (Geh:6)
  A troll (Orc:1)
  A jumping spider (Spider:1)
  A harpy zombie (Dis:7)
  A hornet (Depths:3)
  A blink frog (Lair:5)
  A saltling (Desolation)
  A tyrant leech (Swamp:2)
  2 hydra skeletons
  A sphinx simulacrum (Vaults:3)
  14 slime creatures
  4 bog bodies
  An ettin zombie (Dis:7)
  3 flying skulls
  2 shadows
  An ettin skeleton (Dis:7)
  A redback (shapeshifter) (Depths:4)
  3 water elementals (Depths:2)
  3 redbacks (Spider:2)
  A wyvern (Lair:3)
  A hog (Spider:2)
  2 wraiths
  2 tarantellas
  2 fire elementals
  5 yaks
  2 basilisks
  3 chaos spawn (Pan)
  A steam dragon (Volcano)
  A hungry ghost (D:13)
  5 neqoxecs (Pan)
  A warg (Orc:2)
  3 swamp worms
  A soldier ant (shapeshifter) (Vaults:5)
  6 hell hounds
  3 water moccasins
  A porcupine (Lair:3)
  A swamp dragon zombie (Geh:6)
  An ice beast (D:10)
  6 ogres
  2 wolves (Lair:6)
  An eye of draining (Zig:16)
  A phantom (Tar:7)
  A snapping turtle skeleton (Dis:7)
  A crocodile (Lair:6)
  A big kobold (D:10)
  A bullfrog (shapeshifter) (Depths:1)
  A scorpion (D:10)
  A vampire bat (Lair:2)
  A wight (Geh:5)
  A crimson imp (D:10)
  A human zombie (Tar:7)
  2 iron imps
  An orc wizard (Orc:2)
  2 mummies
  A gnoll (D:8)
  A shadow imp (D:9)
  8 white imps
  13 orcs
  5 bats (Lair:2)
  A jackal (D:8)
  A kobold (D:10)
  A quokka (D:13)
  A briar patch (Swamp:4)
  11 fungi
  13 plants
321 creatures vanquished.

Vanquished Creatures (others)
  A Tzitzimitl (Geh:6)
  3 eldritch tentacles
  A deep elf master archer (Zig:22)
  A ghost moth (Zig:19)
  A war gargoyle (Hell)
  A halazid warlock (Desolation)
  A deep elf death mage (Vaults:5)
  2 hydras
  A centaur warrior (Vaults:2)
  4 hell hogs
  49 death scarabs (Tomb:2)
  A soul eater (Pan)
  A torturous demonspawn (Pan)
  A shadow demon (Tar:7)
  A deep elf mage (Elf:3)
  A phantasmal warrior (Vaults:5)
  A necromancer (Geh:5)
  A black mamba (Lair:5)
  A smoke demon (Pan)
  A rime drake (Zig:10)
  3 guardian mummies (Tomb:2)
  A tyrant leech (Zig:17)
  An alligator zombie (Geh:4)
  A saltling (Desolation)
  A flying skull (Geh:7)
  A wraith (Tar:7)
  A spriggan (Depths:3)
  A fire bat (Geh:4)
  3 water elementals
  A fire elemental (Geh:7)
  A hell hound (Dis:5)
  2 centaurs (Vaults:2)
  An iron imp (Dis:7)
  5 mummies (Tomb:2)
  A white imp (Coc:5)
  4 ball lightnings (Pan)
  3 bushes (D:14)
  8 fungi
  6 plants
  6 snaplasher vines
  19 tentacles (Hell)
144 creatures vanquished.

Grand Total: 5293 creatures vanquished

Notes
Turn   | Place    | Note
-------+----------+-------------------------------------------
     0 | D:1      | unregenerate the Gnoll Wanderer began the quest for the Orb.
     0 | D:1      | unregenerate set off with: a +2 short sword, a +0 ring mail, a potion of curing, a ration
     0 | D:1      | Reached XP level 1. HP: 31/31 MP: 2/2
   167 | D:1      | Reached XP level 2. HP: 38/38 MP: 3/3
   854 | D:2      | Reached XP level 3. HP: 32/44 MP: 4/4
   920 | D:2      | Reached skill level 1 in Invocations
  1431 | D:3      | Reached skill level 1 in Long Blades
  1431 | D:3      | Reached skill level 1 in Axes
  1431 | D:3      | Reached skill level 1 in Maces & Flails
  1431 | D:3      | Reached skill level 1 in Polearms
  1431 | D:3      | Reached skill level 1 in Staves
  1431 | D:3      | Reached skill level 1 in Slings
  1431 | D:3      | Reached skill level 1 in Bows
  1431 | D:3      | Reached skill level 1 in Crossbows
  1431 | D:3      | Reached skill level 1 in Throwing
  1431 | D:3      | Reached skill level 1 in Dodging
  1431 | D:3      | Reached skill level 1 in Stealth
  1431 | D:3      | Reached skill level 1 in Unarmed Combat
  1431 | D:3      | Reached skill level 1 in Spellcasting
  1494 | D:3      | Reached XP level 4. HP: 48/51 MP: 6/6
  1531 | D:3      | Found an iron altar of Okawaru.
  1539 | D:3      | Became a worshipper of Warmaster Okawaru
  1669 | D:3      | Reached skill level 1 in Conjurations
  1669 | D:3      | Reached skill level 1 in Hexes
  1669 | D:3      | Reached skill level 1 in Charms
  1669 | D:3      | Reached skill level 1 in Summonings
  1669 | D:3      | Reached skill level 1 in Necromancy
  1669 | D:3      | Reached skill level 1 in Translocations
  1669 | D:3      | Reached skill level 1 in Transmutations
  1669 | D:3      | Reached skill level 1 in Fire Magic
  1669 | D:3      | Reached skill level 1 in Ice Magic
  1669 | D:3      | Reached skill level 1 in Air Magic
  1669 | D:3      | Reached skill level 1 in Earth Magic
  1669 | D:3      | Reached skill level 1 in Poison Magic
  1909 | D:4      | Found a sand-covered staircase.
  1917 | D:4      | Reached XP level 5. HP: 49/57 MP: 7/7
  1962 | Ossuary  | Entered an ossuary
  1992 | Ossuary  | Reached XP level 6. HP: 61/64 MP: 8/8
  2059 | Ossuary  | Reached * piety under Okawaru
  2121 | Ossuary  | Reached XP level 7. HP: 12/70 MP: 10/10
  2932 | D:4      | Reached ** piety under Okawaru
  3119 | D:5      | Entered Level 5 of the Dungeon
  3196 | D:5      | Reached XP level 8. HP: 60/77 MP: 12/12
  3232 | D:5      | Found a staircase to the Ecumenical Temple.
  3246 | D:5      | Learned a level 2 spell: Blink
  3250 | D:5      | Learned a level 3 spell: Conjure Flame
  3254 | D:5      | Learned a level 3 spell: Mephitic Cloud
  3700 | D:5      | Found a shimmering altar of Xom.
  3912 | D:6      | Found Eson's Distillery.
  3940 | D:6      | Bought a potion of might for 48 gold pieces
  3940 | D:6      | Bought a potion of agility for 48 gold pieces
  3940 | D:6      | Bought a potion of resistance for 120 gold pieces
  4022 | D:6      | Found a glowing drain.
  4053 | Sewer    | Entered a sewer
  4719 | D:6      | Found a runed door.
  4752 | D:6      | Found a basalt altar of Yredelemnul.
  4914 | D:6      | Learned a level 1 spell: Apportation
  4916 | D:6      | Learned a level 1 spell: Animate Skeleton
  4925 | D:6      | Reached *** piety under Okawaru
  4925 | D:6      | Reached XP level 9. HP: 83/83 MP: 14/14
  4964 | D:6      | Found an opulent altar of Gozag.
  4982 | D:6      | Found a burning altar of Makhleb.
  5378 | D:7      | Found a transporter.
  5380 | D:7      | Noticed a kobold demonologist
  5384 | D:7      | Noticed a kobold demonologist
  5387 | D:7      | Found a transporter.
  5429 | D:7      | Found Esoedd's Book Emporium.
  5644 | D:8      | Reached skill level 5 in Short Blades
  5644 | D:8      | Reached skill level 5 in Armour
  5644 | D:8      | Reached skill level 5 in Shields
  5644 | D:8      | Reached skill level 5 in Evocations
  5666 | D:8      | Reached **** piety under Okawaru
  5690 | D:8      | Noticed a troll
  5710 | D:8      | Killed a troll
  5710 | D:8      | Reached skill level 5 in Invocations
  5754 | D:8      | Found a staircase to the Lair.
  5789 | D:8      | Got a brightly glowing robe
  5975 | D:8      | Found Zuomodom's Gadget Shop.
  6012 | D:8      | Noticed a troll
  6100 | D:8      | Killed a troll
  6100 | D:8      | Reached XP level 10. HP: 69/91 MP: 12/17
  6336 | D:9      | Received a gift from Okawaru
  6486 | D:9      | Reached skill level 5 in Long Blades
  6486 | D:9      | Reached skill level 5 in Axes
  6486 | D:9      | Reached skill level 5 in Maces & Flails
  6486 | D:9      | Reached skill level 5 in Polearms
  6486 | D:9      | Reached skill level 5 in Staves
  6486 | D:9      | Reached skill level 5 in Slings
  6486 | D:9      | Reached skill level 5 in Bows
  6486 | D:9      | Reached skill level 5 in Crossbows
  6486 | D:9      | Reached skill level 5 in Throwing
  6486 | D:9      | Reached skill level 5 in Dodging
  6486 | D:9      | Reached skill level 5 in Stealth
  6486 | D:9      | Reached skill level 5 in Unarmed Combat
  6486 | D:9      | Reached skill level 5 in Spellcasting
  6831 | D:9      | Reached ***** piety under Okawaru
  6965 | D:10     | Entered Level 10 of the Dungeon
  7284 | D:9      | Identified the +1 robe of Kuneuwu {rPois} (You found it on level 8 of the Dungeon)
  7476 | D:10     | Noticed Sonja
  7482 | D:10     | Killed Sonja
  7603 | D:10     | Received a gift from Okawaru
  7604 | D:10     | Got an ichor-stained rapier {god gift}
  7605 | D:10     | Identified the +3 rapier "Riclur" {pierce, +Blink Str+5 Int-3 Stlth+} (Okawaru gifted it to you on level 10 of the Dungeon)
  7687 | D:10     | Reached XP level 11. HP: 96/98 MP: 15/19
  7700 | D:10     | Found a staircase to the Orcish Mines.
  7753 | D:10     | Killed an unseen horror
  7998 | D:10     | Reached skill level 5 in Conjurations
  7998 | D:10     | Reached skill level 5 in Hexes
  7998 | D:10     | Reached skill level 5 in Charms
  7998 | D:10     | Reached skill level 5 in Summonings
  7998 | D:10     | Reached skill level 5 in Necromancy
  7998 | D:10     | Reached skill level 5 in Translocations
  7998 | D:10     | Reached skill level 5 in Transmutations
  7998 | D:10     | Reached skill level 5 in Fire Magic
  7998 | D:10     | Reached skill level 5 in Ice Magic
  7998 | D:10     | Reached skill level 5 in Air Magic
  7998 | D:10     | Reached skill level 5 in Earth Magic
  7998 | D:10     | Reached skill level 5 in Poison Magic
  8746 | D:11     | Found Keschy's Magic Scroll Boutique.
  8797 | D:11     | Bought a scroll of blinking for 105 gold pieces
  8797 | D:11     | Bought a scroll of blinking for 105 gold pieces
  8797 | D:11     | Bought a scroll of teleportation for 42 gold pieces
  8797 | D:11     | Bought a scroll of fear for 49 gold pieces
  8797 | D:11     | Bought a scroll of fog for 28 gold pieces
  8797 | D:11     | Bought a scroll of identify for 28 gold pieces
  8806 | D:11     | Noticed a two-headed ogre
  8818 | D:11     | Killed a two-headed ogre
  8922 | D:11     | Noticed a two-headed ogre
  8993 | D:11     | Killed a two-headed ogre
  9214 | D:12     | Reached ****** piety under Okawaru
  9338 | D:12     | Received a gift from Okawaru
  9408 | D:12     | Noticed a two-headed ogre
  9408 | D:12     | Noticed a white ugly thing
  9448 | D:12     | Killed a white ugly thing
  9522 | D:12     | Killed a two-headed ogre
  9553 | D:12     | Reached XP level 12. HP: 93/105 MP: 16/22
  9770 | D:12     | Got a bloodstained flail
  9842 | D:12     | Identified the +4 flail of Touwk {holy, rF++ Str+2} (You found it on level 12 of the Dungeon)
  9995 | Lair:1   | Entered Level 1 of the Lair of Beasts
 10161 | Lair:1   | Got a brightly glowing ring mail
 10387 | Lair:1   | Received a gift from Okawaru
 10417 | Lair:1   | Got an encrusted scale mail
 10468 | Lair:1   | Identified the +4 ring mail of Osoq {+Blink rElec rF+ rC+ Int-4} (You found it on level 1 of the Lair of Beasts)
 10601 | Lair:1   | Gained mutation: You are resistant to hostile enchantments. (MR+) [potion of mutation]
 10601 | Lair:1   | Gained mutation: You tend to lose your temper in combat. [potion of mutation]
 10601 | Lair:1   | Gained mutation: Your flesh is cold resistant. (rC+) [potion of mutation]
 10601 | Lair:1   | Gained mutation: You are robust. (+10% HP) [potion of mutation]
 10602 | Lair:1   | Lost mutation: You are robust. (+10% HP) [potion of mutation]
 10602 | Lair:1   | Lost mutation: You tend to lose your temper in combat. [potion of mutation]
 10602 | Lair:1   | Lost mutation: You are resistant to hostile enchantments. (MR+) [potion of mutation]
 10602 | Lair:1   | Gained mutation: You have sharp toenails. [potion of mutation]
 10602 | Lair:1   | Gained mutation: You are dopey. (Int -2) [potion of mutation]
 10602 | Lair:1   | Lost mutation: You are dopey. (Int -2) [potion of mutation]
 10692 | Lair:2   | Noticed an eight-headed hydra
 10717 | Lair:1   | Killed an eight-headed hydra
 10901 | Lair:2   | Identified the cursed +1 scale mail of Contentment {-Tele +Fly rC++} (You found it on level 1 of the Lair of Beasts)
 11225 | Lair:2   | Noticed a six-headed hydra
 11232 | Lair:2   | Killed a six-headed hydra
 11256 | Lair:2   | Noticed a six-headed hydra
 11257 | Lair:2   | Found a bloodstained altar of Trog.
 11270 | Lair:2   | Killed a six-headed hydra
 11701 | Lair:3   | Reached XP level 13. HP: 24/112 MP: 1/24
 11950 | Lair:3   | Found a staircase to the Swamp.
 11962 | Lair:3   | Found the +0 pair of fencer's gloves {+Riposte Dex+3}
 12187 | Lair:3   | Received a gift from Okawaru
 12426 | Lair:4   | Received a gift from Okawaru
 12792 | Lair:4   | Found a hole to the Spider Nest.
 12962 | Lair:5   | Found a dark tunnel.
 12987 | Volcano  | Entered a volcano
 13090 | Volcano  | Found a bloodstained altar of Trog.
 13160 | Volcano  | Found the +3 pair of gauntlets of War {Slay+5}
 13478 | Lair:5   | Received a gift from Okawaru
 13663 | Lair:5   | Received a gift from Okawaru
 13751 | Lair:5   | Reached XP level 14. HP: 120/120 MP: 17/26
 13837 | Lair:5   | Found a staircase to the Slime Pits.
 13838 | Lair:5   | Found a viscous altar of Jiyva.
 13909 | Lair:6   | Entered Level 6 of the Lair of Beasts
 13914 | Lair:6   | Noticed Snorg
 14234 | Lair:6   | Killed Snorg
 14624 | Lair:6   | Received a gift from Okawaru
 14936 | Lair:6   | Received a gift from Okawaru
 14948 | Lair:6   | Noticed a dire elephant
 14948 | Lair:6   | Noticed a dire elephant
 14973 | Lair:6   | Killed a dire elephant
 14986 | Lair:6   | Killed a dire elephant
 14986 | Lair:6   | Reached skill level 10 in Invocations
 15017 | Lair:6   | Noticed a dire elephant
 15042 | Lair:6   | Noticed a dire elephant
 15043 | Lair:6   | Killed a dire elephant
 15064 | Lair:6   | Killed a dire elephant
 15120 | Lair:6   | Noticed a dire elephant
 15134 | Lair:6   | Killed a dire elephant
 15210 | Lair:3   | Learned a level 5 spell: Summon Forest
 15264 | Swamp:1  | Entered Level 1 of the Swamp
 15270 | Swamp:1  | Learned a level 4 spell: Passage of Golubria
 15475 | Swamp:1  | Received a gift from Okawaru
 15665 | Swamp:1  | Found a runed door.
 15761 | Swamp:1  | Reached XP level 15. HP: 65/127 MP: 24/28
 15812 | Swamp:1  | Reached skill level 10 in Short Blades
 15812 | Swamp:1  | Reached skill level 10 in Armour
 15812 | Swamp:1  | Reached skill level 10 in Shields
 15812 | Swamp:1  | Reached skill level 10 in Evocations
 15882 | Swamp:1  | Received a gift from Okawaru
 15887 | Swamp:1  | Identified the +5 spear of Youthful Indiscretion {holy, Stlth+} (Okawaru gifted it to you on level 1 of the Swamp)
 16031 | Swamp:1  | Paralysed by you for 5 turns
 16663 | Swamp:2  | Identified the +2 scimitar "Muowneez" {holy, rF++} (You found it on level 2 of the Swamp)
 16785 | Swamp:2  | Received a gift from Okawaru
 16938 | Swamp:3  | Received a gift from Okawaru
 17071 | Swamp:3  | Reached skill level 10 in Long Blades
 17071 | Swamp:3  | Reached skill level 10 in Axes
 17071 | Swamp:3  | Reached skill level 10 in Maces & Flails
 17071 | Swamp:3  | Reached skill level 10 in Polearms
 17071 | Swamp:3  | Reached skill level 10 in Staves
 17071 | Swamp:3  | Reached skill level 10 in Slings
 17071 | Swamp:3  | Reached skill level 10 in Bows
 17071 | Swamp:3  | Reached skill level 10 in Crossbows
 17071 | Swamp:3  | Reached skill level 10 in Throwing
 17071 | Swamp:3  | Reached skill level 10 in Dodging
 17071 | Swamp:3  | Reached skill level 10 in Stealth
 17071 | Swamp:3  | Reached skill level 10 in Unarmed Combat
 17071 | Swamp:3  | Reached skill level 10 in Spellcasting
 17136 | Swamp:3  | Received a gift from Okawaru
 17138 | Swamp:3  | Reached skill level 15 in Fighting
 17390 | Swamp:3  | Identified a scroll of acquirement
 17517 | Swamp:4  | Entered Level 4 of the Swamp
 17796 | Swamp:4  | Received a gift from Okawaru
 18051 | Swamp:4  | Received a gift from Okawaru
 18075 | Swamp:4  | Noticed a tentacled monstrosity
 18206 | Swamp:4  | Reached XP level 16. HP: 73/136 MP: 30/30
 18265 | Swamp:4  | Noticed a thorn hunter
 18424 | Swamp:4  | Killed a tentacled monstrosity
 18624 | Swamp:4  | Killed a thorn hunter
 18897 | Swamp:4  | Received a gift from Okawaru
 19006 | Swamp:4  | Got a crude helmet {god gift}
 19017 | Swamp:4  | Identified the +0 helmet of Tulips {Str+7} (Okawaru gifted it to you on level 4 of the Swamp)
 19040 | Swamp:4  | Got a decaying rune of Zot
 19228 | Spider:1 | Entered Level 1 of the Spider Nest
 19238 | Spider:1 | Got a dazzling chain mail
 19469 | Spider:2 | Noticed Kirke
 19724 | Spider:1 | Learned a level 4 spell: Petrify
 19840 | Spider:2 | Killed Kirke
 19849 | Spider:2 | Received a gift from Okawaru
 19946 | Spider:2 | Noticed Arachne
 20011 | Spider:1 | Identified the +5 chain mail of Tender Moments {Int+3 Slay-3} (You found it on level 1 of the Spider Nest)
 20091 | Spider:2 | Reached XP level 17. HP: 113/142 MP: 0/32
 20342 | Spider:2 | Killed Arachne
 21271 | Spider:4 | Entered Level 4 of the Spider Nest
 21693 | Spider:4 | Received a gift from Okawaru
 22457 | Spider:4 | Identified the ring of Giur {Int+6 Stlth+} (You found it on level 4 of the Spider Nest)
 22595 | Spider:4 | Reached skill level 10 in Conjurations
 22595 | Spider:4 | Reached skill level 10 in Hexes
 22595 | Spider:4 | Reached skill level 10 in Charms
 22595 | Spider:4 | Reached skill level 10 in Summonings
 22595 | Spider:4 | Reached skill level 10 in Necromancy
 22595 | Spider:4 | Reached skill level 10 in Translocations
 22595 | Spider:4 | Reached skill level 10 in Transmutations
 22595 | Spider:4 | Reached skill level 10 in Fire Magic
 22595 | Spider:4 | Reached skill level 10 in Ice Magic
 22595 | Spider:4 | Reached skill level 10 in Air Magic
 22595 | Spider:4 | Reached skill level 10 in Earth Magic
 22595 | Spider:4 | Reached skill level 10 in Poison Magic
 22597 | Spider:4 | Received a gift from Okawaru
 22597 | Spider:4 | Reached XP level 18. HP: 77/151 MP: 1/33
 22634 | Spider:4 | Got a gossamer rune of Zot
 22784 | Lair:4   | Learned a level 2 spell: Passwall
 22823 | Lair:3   | Received a gift from Okawaru
 23176 | D:7      | Bought the Reference Book on Unholy Magic and Enchantment for 897 gold pieces
 23182 | D:7      | Learned a level 5 spell: Borgnjor's Vile Clutch
 23186 | D:7      | Learned a level 3 spell: Regeneration
 23291 | D:11     | Bought a scroll of brand weapon for 280 gold pieces
 23291 | D:11     | Bought a scroll of magic mapping for 49 gold pieces
 23298 | D:11     | Learned a level 5 spell: Lee's Rapid Deconstruction
 23300 | D:11     | Bought a scroll of immolation for 49 gold pieces
 23332 | D:13     | Found a gate to the Vaults.
 24013 | D:13     | Noticed Erolcha
 24023 | D:13     | Killed Erolcha
 24077 | Vaults:1 | Entered Level 1 of the Vaults
 24560 | Vaults:1 | Found a ruined gateway.
 24640 | Desolati | Entered the Desolation of Salt
 24764 | Desolati | Received a gift from Okawaru
 24777 | Desolati | Identified the +2 hunting sling of Calamity {venom, *Slow rC- MP+9 Str+9} (Okawaru gifted it to you in the Desolation of Salt)
 24792 | Desolati | Got a crude jade ring
 24796 | Desolati | Got a steaming whip
 24799 | Desolati | Identified the +2 robe of the Swamp {rC+ Int+5 Stlth+} (You found it in the Desolation of Salt)
 24800 | Desolati | Identified the +5 whip of Righteous Fury {slash, MR+} (You found it in the Desolation of Salt)
 25102 | Desolati | Got a smoking marble ring
 25104 | Desolati | Identified the Collected Works on Ghastly Feathers
 25106 | Desolati | Identified the Disquisition on Snow
 25113 | Desolati | Got a crude shortbow
 25272 | Desolati | Identified Bunezos's Volume of Combat Magic and the Compass
 25291 | Desolati | Identified the +3 shortbow of the Dwarven Hall {freeze, -Tele rPois rC+ rN+} (You found it in the Desolation of Salt)
 25295 | Desolati | Got heavily runed swamp dragon scales
 25317 | Desolati | Received a gift from Okawaru
 25408 | Desolati | Received a gift from Okawaru
 25644 | Vaults:1 | Reached XP level 19. HP: 155/159 MP: 30/35
 25662 | Vaults:1 | Received a gift from Okawaru
 25683 | Vaults:1 | Got an iridescent hand crossbow {god gift}
 25684 | Vaults:1 | Identified the +5 hand crossbow of Amorality {flame, MR+ Dex+3 Stlth+} (Okawaru gifted it to you on level 1 of the Vaults)
 25769 | Vaults:1 | Found Raase's Antique Armour Shoppe.
 26032 | Vaults:1 | Got a jewelled hunting sling
 26033 | Vaults:1 | Identified the +3 hunting sling "Killer Bee's Foe" {freeze, +Inv} (You found it on level 1 of the Vaults)
 26236 | Vaults:1 | Found Woip's General Store.
 26244 | Vaults:1 | Bought a potion of heal wounds for 75 gold pieces
 26312 | Vaults:1 | Got a faintly glowing robe
 26335 | Vaults:1 | Found Ytioch's Distillery.
 26367 | Vaults:1 | Bought a potion of heal wounds for 65 gold pieces
 26536 | Vaults:3 | Found a portal to a secret trove of treasure.
 26560 | Vaults:3 | You paid a toll of 7 potions of haste to enter a treasure trove
 26561 | Trove    | Entered a treasure trove
 26589 | Trove    | Got a scintillating zirconium amulet
 26589 | Trove    | Got a slimy brass amulet
 26590 | Trove    | Got a scorched ring mail
 26659 | Trove    | Identified the cursed +1 ring mail of Rimpaow {*Slow rN++ rCorr} (You found it in a treasure trove)
 26716 | Vaults:3 | Reached XP level 20. HP: 166/166 MP: 36/36
 26717 | Vaults:3 | Identified the amulet "Ceoboul" {Spirit SInv} (You found it in a treasure trove)
 26733 | Vaults:3 | Identified the +1 swamp dragon scales "Distrig" {rElec rPois Dex+3 Stlth+} (You found it in the Desolation of Salt)
 26734 | Vaults:3 | Identified the ring "Haderha" {rC+ Stlth-} (You found it in the Desolation of Salt)
 26736 | Vaults:3 | Identified the ring "Ducuix" {EV+3 Int+7} (You found it in the Desolation of Salt)
 26748 | Vaults:3 | Identified the +0 robe of Inviolability {rPois rF+ MP+9} (You found it on level 1 of the Vaults)
 26913 | Vaults:2 | Received a gift from Okawaru
 26960 | Vaults:2 | Noticed Nikola
 26980 | Vaults:2 | Killed Nikola
 27391 | Vaults:2 | Found a staircase to the Crypt.
 27592 | Vaults:3 | Received a gift from Okawaru
 27596 | Vaults:3 | Identified the amulet "Tecisud" {Faith MR+} (You found it in a treasure trove)
 27598 | Vaults:3 | Got a warped glaive {god gift}
 28080 | Vaults:3 | Received a gift from Okawaru
 28269 | Vaults:3 | Identified the +8 glaive "Edashryit" {venom, *Slow Dex+2 Stlth+} (Okawaru gifted it to you on level 3 of the Vaults)
 28281 | Vaults:3 | Reached XP level 21. HP: 173/173 MP: 18/38
 28367 | Vaults:3 | Received a gift from Okawaru
 28711 | Vaults:2 | Received a gift from Okawaru
 29369 | Vaults:4 | Received a gift from Okawaru
 29389 | Vaults:4 | Got a transparent bardiche {god gift}
 29857 | Vaults:4 | Received a gift from Okawaru
 29912 | Vaults:4 | Got a steaming great sword {god gift}
 30564 | Vaults:4 | Received a gift from Okawaru
 31312 | Orc:1    | Entered Level 1 of the Orcish Mines
 31402 | Orc:2    | Entered Level 2 of the Orcish Mines
 31485 | Orc:2    | Found a roughly hewn altar of Beogh.
 31557 | Orc:1    | Reached XP level 22. HP: 182/182 MP: 39/39
 32130 | Orc:2    | Found a staircase to the Elven Halls.
 32170 | Orc:2    | Found a roughly hewn altar of Beogh.
 32212 | Orc:2    | Found a roughly hewn altar of Beogh.
 32219 | Orc:2    | Found Opitenag's Food Emporium.
 32311 | Orc:2    | Found a roughly hewn altar of Beogh.
 32443 | Orc:2    | Received a gift from Okawaru
 32446 | Orc:2    | Found a roughly hewn altar of Beogh.
 32459 | Orc:2    | Found Ehostrayl's Distillery.
 32539 | Orc:2    | Bought a potion of heal wounds for 75 gold pieces
 32539 | Orc:2    | Bought a potion of heal wounds for 75 gold pieces
 32888 | Orc:2    | Found Anomem's Antique Armour Emporium.
 32896 | Orc:2    | Found Mustira's Antique Weapon Shoppe.
 32898 | Orc:2    | Found a roughly hewn altar of Beogh.
 32979 | Orc:2    | Bought an ancient ring mail for 378 gold pieces
 32979 | Orc:2    | Bought a pair of scorched boots for 399 gold pieces
 32979 | Orc:2    | Bought a brightly glowing leather armour for 294 gold pieces
 32979 | Orc:2    | Bought a runed ring mail for 294 gold pieces
 33162 | Orc:2    | Found a roughly hewn altar of Beogh.
 33187 | Elf:1    | Entered Level 1 of the Elven Halls
 33337 | Elf:1    | Noticed Asterion
 33424 | Elf:1    | Killed Asterion
 33603 | Elf:1    | Reached skill level 15 in Invocations
 33726 | Elf:1    | Received a gift from Okawaru
 33762 | Elf:1    | Identified Kikubaaqudgha's Incunabulum of Evil Secrets
 33847 | Elf:1    | Identified the cursed -2 pair of boots of Okawaru's Displeasure {*Drain rN+++ MR+ Dex+4} (You bought it in a shop on level 2 of the Orcish Mines)
 34101 | Elf:2    | Found an ancient bone altar of Kikubaaqudgha.
 34239 | Elf:2    | Noticed Azrael
 34297 | Elf:2    | Killed Azrael
 34516 | Elf:2    | Identified the +4 ring mail "Birhis" {Int+3} (You bought it in a shop on level 2 of the Orcish Mines)
 34557 | Elf:2    | Found Holaikel's General Store.
 34635 | Elf:2    | Bought 8 tomahawks of returning for 136 gold pieces
 34657 | Elf:2    | Found a runed gate.
 34657 | Elf:2    | Found a runed gate.
 34657 | Elf:2    | Found a runed gate.
 34808 | Elf:3    | Entered Level 3 of the Elven Halls
 34819 | Elf:3    | Received a gift from Okawaru
 34845 | Elf:3    | Got a warped plate armour {god gift}
 35013 | Elf:3    | Found a flickering gateway to a bazaar.
 35034 | Elf:3    | Was placed under penance by Okawaru
 35036 | Bazaar   | Entered a bazaar
 35037 | Bazaar   | Found Qeofyam's Armour Boutique.
 35038 | Bazaar   | Found Ukla's Jewellery Shop.
 35058 | Bazaar   | Found Avimuq's Weapon Emporium.
 35066 | Bazaar   | Bought 19 bolts for 34 gold pieces
 35066 | Bazaar   | Bought 29 bolts for 52 gold pieces
 35087 | Bazaar   | Found Copnonug's Gadget Boutique.
 35095 | Bazaar   | Bought a wand of clouds (8) for 360 gold pieces
 35371 | Elf:3    | Found a runed door.
 35376 | Elf:3    | Noticed SnubMonkey's ghost (veteran GrBe)
 35445 | Elf:3    | Killed SnubMonkey's ghost
 35565 | Elf:3    | Identified the +1 leather armour of the Nexus {-Tele Str+2 Dex+4} (You bought it in a shop on level 2 of the Orcish Mines)
 35788 | Elf:3    | Was forgiven by Okawaru
 35808 | Elf:3    | Learned a level 2 spell: Sublimation of Blood
 35974 | Elf:3    | Reached XP level 23. HP: 190/190 MP: 38/41
 35978 | Elf:3    | Got a coiled steel ring
 35980 | Elf:3    | Got a shimmering scale mail
 36166 | Elf:3    | Identified the Handbook of Heresy
 36359 | Elf:2    | Bought a scroll of identify for 34 gold pieces
 36359 | Elf:2    | Identified the ring of Buewodel {MR+ Int+4} (You took it off a deep elf blademaster on level 3 of the Elven Halls)
 36579 | Orc:2    | Bought a ration for 50 gold pieces
 36579 | Orc:2    | Bought a ration for 50 gold pieces
 36579 | Orc:2    | Bought a ration for 50 gold pieces
 36579 | Orc:2    | Bought a ration for 50 gold pieces
 36579 | Orc:2    | Bought a ration for 50 gold pieces
 36579 | Orc:2    | Bought a ration for 50 gold pieces
 36579 | Orc:2    | Bought a ration for 50 gold pieces
 36579 | Orc:2    | Bought a ration for 50 gold pieces
 36579 | Orc:2    | Bought a ration for 50 gold pieces
 36816 | D:14     | Noticed Nessos
 36821 | D:14     | Killed Nessos
 37524 | D:15     | Entered Level 15 of the Dungeon
 37524 | D:15     | Found a runed door.
 37562 | D:15     | Paralysed by a floating eye for 4 turns
 37959 | D:15     | Found a runed door.
 37964 | D:15     | Noticed Wiumium's ghost (journeyman MiFi)
 38005 | D:15     | Killed Wiumium's ghost
 38029 | D:15     | Identified the cursed +0 scale mail of Devotion {rF+ rC+++ Int+3 Dex-4} (You found it on level 15 of the Dungeon)
 38152 | D:15     | Found a staircase to the Depths.
 38165 | Depths:1 | Entered Level 1 of the Depths
 38274 | Depths:1 | Received a gift from Okawaru
 38356 | Depths:1 | Found Diammair's Antique Weapon Emporium.
 38365 | Depths:1 | Bought a twisted long sword for 212 gold pieces
 38594 | Depths:1 | Received a gift from Okawaru
 38899 | Depths:1 | Found Fereudd's Jewellery Emporium.
 39040 | Depths:1 | Found a gateway to Hell.
 39060 | Depths:1 | Identified the +6 long sword of the Warrior {protect, rF+ Dex+3} (You bought it in a shop on level 1 of the Depths)
 39072 | Depths:1 | Got a smoking plate armour
 39124 | Depths:1 | Identified the +9 plate armour of the Archfiend {+Blink} (You found it on level 1 of the Depths)
 39276 | Depths:1 | Found a runed gate.
 39276 | Depths:1 | Noticed Oveepsun's ghost (veteran CeHu)
 39277 | Depths:1 | Found a runed gate.
 39278 | Depths:1 | Found a runed gate.
 39334 | Depths:2 | Reached skill level 15 in Short Blades
 39334 | Depths:2 | Reached skill level 15 in Armour
 39334 | Depths:2 | Reached skill level 15 in Shields
 39334 | Depths:2 | Reached skill level 15 in Evocations
 39762 | Depths:2 | Found a snail-covered altar of Cheibriados.
 39942 | Depths:2 | Reached XP level 24. HP: 198/198 MP: 37/41
 40095 | Depths:2 | Received a gift from Okawaru
 40095 | Depths:2 | Reached skill level 15 in Long Blades
 40095 | Depths:2 | Reached skill level 15 in Axes
 40095 | Depths:2 | Reached skill level 15 in Maces & Flails
 40095 | Depths:2 | Reached skill level 15 in Polearms
 40095 | Depths:2 | Reached skill level 15 in Staves
 40095 | Depths:2 | Reached skill level 15 in Slings
 40095 | Depths:2 | Reached skill level 15 in Bows
 40095 | Depths:2 | Reached skill level 15 in Crossbows
 40095 | Depths:2 | Reached skill level 15 in Throwing
 40095 | Depths:2 | Reached skill level 15 in Dodging
 40095 | Depths:2 | Reached skill level 15 in Stealth
 40095 | Depths:2 | Reached skill level 15 in Unarmed Combat
 40095 | Depths:2 | Reached skill level 15 in Spellcasting
 40159 | Depths:2 | Received a gift from Okawaru
 40166 | Depths:2 | Identified the +1 robe "Bofagisy" {rElec} (Okawaru gifted it to you on level 2 of the Depths)
 40361 | Depths:3 | Found a one-way gate to the infinite horrors of the Abyss.
 40768 | Depths:3 | Gained mutation: You tend to lose your temper in combat. [a shining eye]
 41050 | Vaults:1 | Lost mutation: You tend to lose your temper in combat. [potion of mutation]
 41050 | Vaults:1 | Lost mutation: You have sharp toenails. [potion of mutation]
 41050 | Vaults:1 | Lost mutation: Your flesh is cold resistant. (rC+) [potion of mutation]
 41050 | Vaults:1 | Gained mutation: Scrolls take you a little longer to read. [potion of mutation]
 41050 | Vaults:1 | Gained mutation: You evolve. [potion of mutation]
 41060 | Vaults:1 | Bought a potion of mutation for 104 gold pieces
 41060 | Vaults:1 | Lost mutation: You evolve. [potion of mutation]
 41060 | Vaults:1 | Lost mutation: Scrolls take you a little longer to read. [potion of mutation]
 41060 | Vaults:1 | Gained mutation: Your mind is acute. (Int +2) [potion of mutation]
 41060 | Vaults:1 | Lost mutation: Your mind is acute. (Int +2) [potion of mutation]
 41060 | Vaults:1 | Gained mutation: You possess an exceptional clarity of mind. [potion of mutation]
 41061 | Vaults:1 | Bought a potion of haste for 130 gold pieces
 41061 | Vaults:1 | Bought a potion of haste for 130 gold pieces
 41624 | Depths:3 | Found a one-way gate leading to the halls of Pandemonium.
 42115 | Depths:4 | Noticed the Enchantress
 42204 | Depths:4 | Found Lipnap's Antique Armour Shop.
 42208 | Depths:4 | Found a glowing golden altar of the Shining One.
 42252 | Depths:4 | Received a gift from Okawaru
 42260 | Depths:4 | Killed the Enchantress
 42420 | Depths:4 | Found a viscous altar of Jiyva.
 42462 | Depths:4 | Received a gift from Okawaru
 42555 | Depths:5 | Entered Level 5 of the Depths
 42577 | Depths:5 | Found a gateway to a ziggurat.
 42799 | Depths:4 | Found a transporter.
 42857 | Depths:4 | Found a transporter.
 42859 | Depths:4 | Paralysed by a floating eye for 3 turns
 43061 | Depths:4 | Learned a level 8 spell: Ignition
 43081 | Depths:4 | Received a gift from Okawaru
 43097 | Depths:4 | Reached XP level 25. HP: 192/204 MP: 40/42
 43111 | Depths:4 | Identified the +4 faerie dragon scales {+Blink rPois rF- Regen+ rCorr} (You took it off the Enchantress on level 4 of the Depths)
 43172 | Depths:4 | Identified the +5 trident of Defenestration {protect, +Fly rPois rC+ Int+4} (You found it on level 4 of the Depths)
 43249 | Depths:4 | Bought a ripped robe for 222 gold pieces
 43249 | Depths:4 | Bought a twisted chain mail for 370 gold pieces
 43266 | Depths:4 | Identified the +1 robe of the Trilobite {rPois} (You bought it in a shop on level 4 of the Depths)
 43278 | Depths:4 | Identified the +1 chain mail "Diddia" {+Blink rPois rC+ Str-3} (You bought it in a shop on level 4 of the Depths)
 43477 | Depths:5 | Received a gift from Okawaru
 43541 | Depths:5 | Noticed Xtahua
 43570 | Depths:5 | Killed Xtahua
 43621 | Depths:5 | Found a runed gate.
 43621 | Depths:5 | Found a runed gate.
 43621 | Depths:5 | Found a runed gate.
 43621 | Depths:5 | Found a runed gate.
 43621 | Depths:5 | Found a runed gate.
 43621 | Depths:5 | Found a runed gate.
 43622 | Depths:5 | Found the +2 Maxwell's thermic engine {flame, freeze}
 43639 | Depths:5 | Received a gift from Okawaru
 43675 | Depths:5 | Was placed under penance by Okawaru
 43916 | Depths:5 | Was forgiven by Okawaru
 44016 | Depths:5 | Received a gift from Okawaru
 44039 | Depths:5 | Found a gate to the Realm of Zot.
 44149 | Hell     | Entered the Vestibule of Hell
 44149 | Hell     | Noticed Geryon
 44245 | Hell     | Killed Geryon
 44382 | Hell     | Found a gateway to the ashen valley of Gehenna.
 44505 | Hell     | Found a gateway to the Iron City of Dis.
 44687 | Hell     | Found a gateway to the freezing wastes of Cocytus.
 44788 | Hell     | Learned a level 6 spell: Invisibility
 44810 | Geh:1    | Entered Level 1 of Gehenna
 44861 | Geh:1    | Received a gift from Okawaru
 44999 | Geh:1    | Received a gift from Okawaru
 45430 | Hell     | Got a transparent hat
 45441 | Hell     | Identified the +0 hat of Eternal Night {rCorr Int+4} (You acquired it in the Vestibule of Hell)
 45737 | D:15     | Found a roughly hewn altar of Beogh.
 45846 | D:13     | Identified the +1 scale mail of Faud {rCorr} (You took it off a deep elf blademaster on level 3 of the Elven Halls)
 46132 | Slime:1  | Entered Level 1 of the Pits of Slime
 46235 | Slime:2  | Received a gift from Okawaru
 46235 | Slime:2  | Reached XP level 26. HP: 212/212 MP: 34/43
 46427 | Slime:5  | Entered Level 5 of the Pits of Slime
 46661 | Slime:5  | Found a viscous altar of Jiyva.
 46662 | Slime:5  | Noticed the Royal Jelly
 46701 | Slime:5  | Killed the Royal Jelly
 46701 | Slime:5  | Received a gift from Okawaru
 46946 | Slime:5  | Identified Xahax's Disquisition on Unstable Snow
 46961 | Slime:5  | Got a faintly glowing hand axe
 47006 | Slime:5  | Got a slimy rune of Zot
 47007 | Slime:5  | Identified the +1 robe "Tous" {+Blink +Fly rN+ Str-2} (You found it on level 5 of the Pits of Slime)
 47379 | Vaults:5 | Entered Level 5 of the Vaults
 47636 | Vaults:5 | Received a gift from Okawaru
 47757 | Vaults:5 | Got a translucent golden ring
 47764 | Vaults:5 | Identified the ring of Usaf {rC+ rN+ MR+ Str-2 Int+3} (You found it on level 5 of the Vaults)
 47770 | Vaults:5 | Identified the Handbook of Ghastly Malediction
 47773 | Vaults:5 | Identified the Catalogue of Helpful Unholy Rites
 47794 | Vaults:5 | Got a transparent dagger
 47795 | Vaults:5 | Identified the cursed +2 dagger of Foolhardiness {speed, rElec} (You found it on level 5 of the Vaults)
 47806 | Vaults:5 | Got a bronze chain mail
 47806 | Vaults:5 | Got ichor-stained fire dragon scales
 47817 | Vaults:5 | Identified the +4 chain mail of the Moon {*Drain MR++ Int+2 Dex+2} (You found it on level 5 of the Vaults)
 47827 | Vaults:5 | Identified the cursed +1 fire dragon scales "Umiono Buuz" {rF++ rC- Dex+4} (You found it on level 5 of the Vaults)
 47833 | Vaults:5 | Got a silver rune of Zot
 47833 | Vaults:5 | Got a pitted pewter amulet
 48457 | Vaults:5 | Reached XP level 27. HP: 219/219 MP: 39/43
 48472 | Vaults:5 | Got a dazzling scale mail
 48635 | Vaults:5 | Got a shimmering lead ring
 49056 | Vaults:5 | Received a gift from Okawaru
 49091 | Vaults:5 | Identified the amulet "Saustoci" {Faith Str+3} (You found it on level 5 of the Vaults)
 49144 | Vaults:5 | Got a brightly glowing rapier {antimagic}
 49145 | Vaults:5 | Identified the +9 rapier "Owkaxt" {antimagic, rF++} (You took it off an orc warrior on level 5 of the Vaults)
 49266 | Vaults:5 | Received a gift from Okawaru
 49566 | Vaults:5 | Identified the ring of Duwujoin {EV+4 Int+5} (You took it off a deep elf death mage on level 5 of the Vaults)
 49928 | Vaults:5 | Got a polished scale mail {god gift}
 50115 | Vaults:5 | Identified the +6 scale mail of Proximity {Int+4} (Okawaru gifted it to you on level 5 of the Vaults)
 50442 | Vaults:1 | Bought a ration for 75 gold pieces
 50442 | Vaults:1 | Bought a scroll of remove curse for 45 gold pieces
 50442 | Vaults:1 | Bought a potion of ambrosia for 120 gold pieces
 50442 | Vaults:1 | Bought a ration for 75 gold pieces
 50684 | D:13     | Identified the +8 scale mail of the Jolly Ships {+Blink Regen+ Int+2} (You found it on level 5 of the Vaults)
 50717 | D:13     | Identified the +11 bardiche "Paexziu Zyonn" {venom, rN++ MR+} (Okawaru gifted it to you on level 4 of the Vaults)
 50718 | D:13     | Identified the +1 great sword "Jaapputeck" {flame, Int+3} (Okawaru gifted it to you on level 4 of the Vaults)
 51233 | Geh:4    | Received a gift from Okawaru
 51495 | Geh:3    | Received a gift from Okawaru
 51496 | Geh:3    | Got a twisted robe {god gift}
 51999 | Geh:5    | Gained mutation: You are dopey. (Int -2) [mutagenic glow]
 52391 | Geh:6    | Reached skill level 15 in Conjurations
 52391 | Geh:6    | Reached skill level 15 in Hexes
 52391 | Geh:6    | Reached skill level 15 in Charms
 52391 | Geh:6    | Reached skill level 15 in Summonings
 52391 | Geh:6    | Reached skill level 15 in Necromancy
 52391 | Geh:6    | Reached skill level 15 in Translocations
 52391 | Geh:6    | Reached skill level 15 in Transmutations
 52391 | Geh:6    | Reached skill level 15 in Fire Magic
 52391 | Geh:6    | Reached skill level 15 in Ice Magic
 52391 | Geh:6    | Reached skill level 15 in Air Magic
 52391 | Geh:6    | Reached skill level 15 in Earth Magic
 52391 | Geh:6    | Reached skill level 15 in Poison Magic
 52426 | Geh:6    | Received a gift from Okawaru
 52593 | Geh:7    | Entered Level 7 of Gehenna
 52619 | Geh:7    | Received a gift from Okawaru
 52772 | Geh:7    | Received a gift from Okawaru
 53026 | Geh:7    | Received a gift from Okawaru
 53480 | Geh:7    | Received a gift from Okawaru
 53528 | Geh:7    | Identified the +1 robe of the Beekeeper {SInv Stlth+} (Okawaru gifted it to you on level 3 of Gehenna)
 53660 | Geh:7    | Received a gift from Okawaru
 53888 | Geh:7    | Noticed Asmodeus
 53913 | Geh:7    | Killed Asmodeus
 53913 | Geh:7    | Received a gift from Okawaru
 53926 | Geh:7    | Got an obsidian rune of Zot
 54145 | Hell     | Learned a level 6 spell: Statue Form
 54152 | Hell     | Learned a level 5 spell: Irradiate
 54158 | Hell     | Learned a level 5 spell: Aura of Abjuration
 54196 | Hell     | Learned a level 4 spell: Summon Lightning Spire
 54222 | Dis:1    | Entered Level 1 of the Iron City of Dis
 54687 | Dis:4    | Received a gift from Okawaru
 54957 | Dis:5    | Learned a level 5 spell: Borgnjor's Vile Clutch
 55578 | Dis:6    | Received a gift from Okawaru
 55612 | Dis:7    | Entered Level 7 of the Iron City of Dis
 55930 | Dis:7    | Received a gift from Okawaru
 56158 | Dis:7    | Identified the Handbook of Combat Magic and the Arsonist
 56168 | Dis:7    | Identified the ring of Yffungeh {rElec rC- Dex+6 Stlth-} (You found it on level 7 of the Iron City of Dis)
 56647 | Dis:7    | Received a gift from Okawaru
 56845 | Dis:7    | Noticed Dispater
 56849 | Dis:7    | Found the +4 arc blade {discharge, rElec}
 56865 | Dis:7    | Killed Dispater
 56874 | Dis:7    | Got a translucent ivory ring
 56931 | Dis:7    | Got an iron rune of Zot
 56932 | Dis:7    | Got a fine trident
 56992 | Hell     | Identified the +5 trident "Newtbane" {pierce, rF- MP+9 Dex+3} (You found it on level 7 of the Iron City of Dis)
 57025 | Hell     | Identified the ring of Icvio {rElec rF- Dex+6 SInv} (You took it off Dispater on level 7 of the Iron City of Dis)
 57076 | Hell     | Found a gateway to the decaying netherworld of Tartarus.
 57118 | Tar:1    | Entered Level 1 of Tartarus
 57786 | Tar:7    | Entered Level 7 of Tartarus
 58289 | Tar:7    | Received a gift from Okawaru
 58608 | Tar:7    | Noticed Ereshkigal
 58979 | Tar:7    | Received a gift from Okawaru
 59132 | Tar:7    | Killed Ereshkigal
 59157 | Tar:7    | Got a bone rune of Zot
 59160 | Tar:7    | Got a smoking long sword
 59215 | Tar:7    | Identified the Catalogue of Warped Good Luck
 59317 | Tar:7    | Received a gift from Okawaru
 59320 | Tar:7    | Got a brightly glowing arbalest {god gift}
 59475 | Hell     | Identified the +9 arbalest of Gallantry {penet, +Blink MR+} (Okawaru gifted it to you on level 7 of Tartarus)
 59477 | Hell     | Identified the cursed +2 long sword of Akoyfiext {flame, *Noise +Inv rC+++ Stlth+} (You found it on level 7 of Tartarus)
 59518 | Hell     | Learned a level 8 spell: Controlled Blink
 59542 | Coc:1    | Entered Level 1 of Cocytus
 59731 | Coc:4    | Received a gift from Okawaru
 59865 | Coc:5    | Received a gift from Okawaru
 60100 | Coc:6    | Received a gift from Okawaru
 60154 | Coc:6    | Got a bloodstained scale mail {god gift}
 60431 | Coc:7    | Entered Level 7 of Cocytus
 60693 | Coc:7    | Received a gift from Okawaru
 60837 | Coc:7    | Received a gift from Okawaru
 60856 | Coc:7    | Got a transparent troll leather armour {god gift}
 61120 | Coc:7    | Noticed the Serpent of Hell
 61155 | Coc:7    | Killed the Serpent of Hell
 61388 | Coc:7    | Noticed Antaeus
 61403 | Coc:7    | Got a coiled iron ring
 61403 | Coc:7    | Got an icy rune of Zot
 61448 | Hell     | Identified the ring of His Baes {rC+ rN+ Int+2 Slay+2} (You found it on level 7 of Cocytus)
 61462 | Hell     | Identified the +1 troll leather armour of the Eight Princes {rElec rPois rF- rC++ Regen+} (Okawaru gifted it to you on level 7 of Cocytus)
 61472 | Hell     | Identified the +1 scale mail of Prudence {Str+2 Dex+3} (Okawaru gifted it to you on level 6 of Cocytus)
 61624 | Pan      | Entered Pandemonium
 62112 | Pan      | Received a gift from Okawaru
 62131 | Pan      | Received a gift from Okawaru
 62219 | Pan      | Received a gift from Okawaru
 62703 | Pan      | Noticed Bicur the pandemonium lord
 62717 | Pan      | Killed Bicur the pandemonium lord
 63164 | Pan      | Received a gift from Okawaru
 63176 | Pan      | Received a gift from Okawaru
 63359 | Pan      | Entered the realm of Lom Lobon.
 63971 | Pan      | Noticed Lom Lobon
 64168 | Pan      | Killed Lom Lobon
 64199 | Pan      | Got a magical rune of Zot
 64239 | Pan      | Entered the realm of Gloorx Vloq.
 64575 | Pan      | Received a gift from Okawaru
 64584 | Pan      | Identified the +0 hat of the Dungeon {MR+++ Dex+4 Slay-2} (Okawaru gifted it to you in Pandemonium)
 64701 | Pan      | Noticed Gloorx Vloq
 64721 | Pan      | Killed Gloorx Vloq
 64744 | Pan      | Got a dark rune of Zot
 64793 | Pan      | Learned a level 8 spell: Discord
 64831 | Pan      | Entered the realm of Cerebov.
 65189 | Pan      | Identified the amulet of Yckoilio {Reflect rF+++ MR- Str-4 Dex+8 SH+6} (You took it off a balrug in Pandemonium)
 65276 | Pan      | Noticed Cerebov
 65307 | Pan      | Killed Cerebov
 65314 | Pan      | Received a gift from Okawaru
 65330 | Pan      | Identified Veho Ecyro's Almanac of Cloudy Toxins
 65356 | Pan      | Identified Further Progress in Spellweaving
 65398 | Pan      | Identified Plog's Almanac of Transformation and Air
 65472 | Pan      | Received a gift from Okawaru
 65520 | Pan      | Got a fiery rune of Zot
 65558 | Pan      | Identified the +10 shortbow of Action {freeze, rElec rF- MR+ Dex+5} (You took it off a red devil in Pandemonium)
 65669 | Pan      | Entered the realm of Mnoleg.
 65701 | Pan      | Received a gift from Okawaru
 65705 | Pan      | Gained mutation: You do not regenerate when monsters are visible. [a neqoxec]
 65705 | Pan      | Lost mutation: You possess an exceptional clarity of mind. [a neqoxec]
 65742 | Pan      | Gained mutation: You occasionally shout uncontrollably at your foes. [a cacodemon]
 65802 | Pan      | Gained mutation: You are very dopey. (Int -4) [a cacodemon]
 65816 | Pan      | Gained mutation: You are frail. (-10% HP) [a cacodemon]
 65820 | Pan      | Gained mutation: Your spells are a little easier to cast, but a little less powerful. [a cacodemon]
 65836 | Pan      | Paralysed by a floating eye for 2 turns
 65955 | Pan      | Learned a level 8 spell: Chain Lightning
 65964 | Pan      | Received a gift from Okawaru
 66117 | Pan      | Gained mutation: Armour fits poorly on your strangely shaped body. [a shining eye]
 66155 | Pan      | Gained mutation: Your body sometimes deteriorates upon taking damage. [a cacodemon]
 66311 | Pan      | Gained mutation: Your magical capacity is low. (-10% MP) [a cacodemon]
 66318 | Pan      | Lost mutation: Your spells are a little easier to cast, but a little less powerful. [a cacodemon]
 66337 | Pan      | Gained mutation: Your magical capacity is very low. (-20% MP) [a cacodemon]
 66536 | Pan      | Noticed Mnoleg
 66548 | Pan      | Killed Mnoleg
 66574 | Pan      | Got a glowing rune of Zot
 66674 | Depths:3 | Escaped Pandemonium
 66675 | Depths:3 | Lost mutation: You are very dopey. (Int -4) [potion of mutation]
 66675 | Depths:3 | Lost mutation: Your body sometimes deteriorates upon taking damage. [potion of mutation]
 66675 | Depths:3 | Lost mutation: Your magical capacity is very low. (-20% MP) [potion of mutation]
 66675 | Depths:3 | Lost mutation: You are dopey. (Int -2) [potion of mutation]
 66675 | Depths:3 | Gained mutation: You are dopey. (Int -2) [potion of mutation]
 66675 | Depths:3 | Gained mutation: You are agile. (Dex +2) [potion of mutation]
 66780 | Depths:4 | Lost mutation: You are frail. (-10% HP) [potion of mutation]
 66780 | Depths:4 | Lost mutation: You are agile. (Dex +2) [potion of mutation]
 66780 | Depths:4 | Gained mutation: You are agile. (Dex +2) [potion of mutation]
 66780 | Depths:4 | Gained mutation: You are very dopey. (Int -4) [potion of mutation]
 66780 | Depths:4 | Gained mutation: Your flesh is cold resistant. (rC+) [potion of mutation]
 66780 | Depths:4 | Gained mutation: You are partially covered in large bone plates. (SH +4) [potion of mutation]
 67123 | Lair:4   | Lost mutation: You occasionally shout uncontrollably at your foes. [potion of mutation]
 67123 | Lair:4   | Lost mutation: Armour fits poorly on your strangely shaped body. [potion of mutation]
 67123 | Lair:4   | Lost mutation: You are very dopey. (Int -4) [potion of mutation]
 67123 | Lair:4   | Lost mutation: You are agile. (Dex +2) [potion of mutation]
 67123 | Lair:4   | Gained mutation: You are partially covered in iridescent scales. (AC +2) [potion of mutation]
 67404 | D:9      | Upgraded the game from 0.22.0-38-g04b72b8c25 to 0.22.0-40-g68aacdc4c8
 67404 | D:9      | Lost mutation: You are partially covered in iridescent scales. (AC +2) [potion of mutation]
 67404 | D:9      | Lost mutation: Your magical capacity is low. (-10% MP) [potion of mutation]
 67404 | D:9      | Gained mutation: Scrolls take you a little longer to read. [potion of mutation]
 67404 | D:9      | Gained mutation: You are covered in fur. (AC +1) [potion of mutation]
 67405 | D:9      | Lost mutation: You are partially covered in large bone plates. (SH +4) [potion of mutation]
 67405 | D:9      | Lost mutation: You are covered in fur. (AC +1) [potion of mutation]
 67405 | D:9      | Lost mutation: Scrolls take you a little longer to read. [potion of mutation]
 67405 | D:9      | Lost mutation: You do not regenerate when monsters are visible. [potion of mutation]
 67405 | D:9      | Gained mutation: You are surrounded by a mild repulsion field. (EV +2) [potion of mutation]
 67405 | D:9      | Gained mutation: Scrolls take you a little longer to read. [potion of mutation]
 67405 | D:9      | Gained mutation: You possess an exceptional clarity of mind. [potion of mutation]
 67535 | Swamp:3  | Lost mutation: You possess an exceptional clarity of mind. [potion of mutation]
 67535 | Swamp:3  | Lost mutation: Scrolls take you a little longer to read. [potion of mutation]
 67535 | Swamp:3  | Gained mutation: You are covered in fur. (AC +1) [potion of mutation]
 67535 | Swamp:3  | Gained mutation: You have a pair of small horns on your head. [potion of mutation]
 67838 | Pan      | Entered Pandemonium
 67916 | Pan      | Noticed Fazyoklu the pandemonium lord
 68300 | Pan      | Received a gift from Okawaru
 68588 | Pan      | Noticed Neibi the pandemonium lord
 68602 | Pan      | Killed Neibi the pandemonium lord
 68609 | Pan      | Received a gift from Okawaru
 68998 | Pan      | Identified a +2 pair of boots of running (Okawaru gifted it to you in Pandemonium)
 69208 | Pan      | Found a runed door.
 69217 | Pan      | Got a demonic rune of Zot
 69866 | Pan      | Noticed Ozxapp the pandemonium lord
 69884 | Pan      | Killed Ozxapp the pandemonium lord
 70184 | Pan      | Received a gift from Okawaru
 70637 | Pan      | Noticed Edasch the pandemonium lord
 70638 | Depths:3 | Escaped Pandemonium
 70690 | Hell     | Learned a level 9 spell: Tornado
 70795 | Zig:1    | Entered Level 1 of a ziggurat
 70813 | Zig:2    | Entered Level 2 of a ziggurat
 70850 | Zig:3    | Entered Level 3 of a ziggurat
 70869 | Zig:4    | Entered Level 4 of a ziggurat
 70878 | Zig:4    | Received a gift from Okawaru
 70892 | Zig:4    | Got a sparkling silver ring
 70893 | Zig:4    | Identified the ring "Yleucege" {Wiz rC+ Dex-5 SInv} (You found it on level 4 of a ziggurat)
 70902 | Zig:5    | Entered Level 5 of a ziggurat
 70938 | Zig:6    | Entered Level 6 of a ziggurat
 70988 | Zig:6    | Got heavily runed fire dragon scales
 70989 | Zig:6    | Identified the cursed +0 fire dragon scales of the Peasants {rF++ rC- MR+ Dex-4 Slay+2 Stlth+} (You found it on level 6 of a ziggurat)
 71001 | Zig:7    | Entered Level 7 of a ziggurat
 71012 | Zig:7    | Noticed Jetialiru the pandemonium lord
 71013 | Zig:7    | Gained mutation: Your body sometimes deteriorates upon taking damage. [a cacodemon]
 71028 | Zig:7    | Killed Jetialiru the pandemonium lord
 71045 | Zig:7    | Identified the +3 falchion "Osio" {slice, Int+3 Dex+4} (You found it on level 7 of a ziggurat)
 71047 | Zig:7    | Identified the +12 hunting sling "Uhyl Lugae" {velocity, rN++} (You found it on level 7 of a ziggurat)
 71053 | Zig:8    | Entered Level 8 of a ziggurat
 71123 | Zig:9    | Entered Level 9 of a ziggurat
 71141 | Zig:9    | Noticed a juggernaut
 71144 | Zig:9    | Noticed a juggernaut
 71151 | Zig:9    | Killed a juggernaut
 71153 | Zig:9    | Killed a juggernaut
 71153 | Zig:9    | Received a gift from Okawaru
 71169 | Zig:9    | Identified the +0 chain mail "Rosacwuasy" {-Tele rElec rPois MR+} (Okawaru gifted it to you on level 9 of a ziggurat)
 71200 | Zig:9    | Identified Qebilaul's Papyrus of Air and Conjuration
 71209 | Zig:10   | Entered Level 10 of a ziggurat
 71238 | Zig:10   | Found the +5 pair of quick blades "Gyre" and "Gimble" {pierce, Dex-3}
 71251 | Zig:10   | Identified Sif Muna's Guide on Spatial Feathers
 71253 | Zig:10   | Identified the ring "Eruf" {rCorr +Blink rC+ rN+} (You found it on level 10 of a ziggurat)
 71255 | Zig:10   | Identified the +1 leather armour "Ofeuj" {rC- MP+9 Str+2 Dex+4} (You found it on level 10 of a ziggurat)
 71267 | Zig:11   | Entered Level 11 of a ziggurat
 71284 | Zig:11   | Noticed Ivuisog the pandemonium lord
 71299 | Zig:11   | Killed Ivuisog the pandemonium lord
 71320 | Zig:12   | Entered Level 12 of a ziggurat
 71387 | Zig:12   | Received a gift from Okawaru
 71421 | Zig:12   | Identified the Catalogue of Shifting Conjuration
 71429 | Zig:12   | Identified the ring "Durro" {rC+ rN+} (You found it on level 12 of a ziggurat)
 71438 | Zig:13   | Entered Level 13 of a ziggurat
 71455 | Zig:13   | Found the +2 cloak of the Thief {+Fog Slay-2 SInv Stlth+}
 71472 | Zig:13   | Identified the +0 robe of Uskayaw's Castigation {rElec rCorr Int-3 Dex+5} (You found it on level 13 of a ziggurat)
 71478 | Zig:14   | Entered Level 14 of a ziggurat
 71516 | Zig:14   | Identified the Guide on Augmentations and Dark Magic
 71520 | Zig:14   | Got a scintillating turquoise ring
 71522 | Zig:14   | Identified the ring of Onolel {Fire *Drain +Inv rElec} (You found it on level 14 of a ziggurat)
 71528 | Zig:15   | Entered Level 15 of a ziggurat
 71540 | Zig:15   | Found the +3 sling "Punk" {acid, rCorr}
 71542 | Zig:15   | Received a gift from Okawaru
 71553 | Zig:15   | Identified the Collected Works on Supportive Contamination
 71563 | Zig:15   | Identified the +0 robe of Napnum {Regen+ Int+7 Slay+3} (You found it on level 15 of a ziggurat)
 71581 | Zig:15   | Got a smoking short sword
 71582 | Zig:15   | Identified the +9 short sword of Lyrug {pierce, Str+2} (You found it on level 15 of a ziggurat)
 71587 | Zig:16   | Entered Level 16 of a ziggurat
 71623 | Zig:16   | Gained mutation: You are weak. (Str -2) [a shining eye]
 71631 | Zig:16   | Received a gift from Okawaru
 71659 | Zig:16   | Got a bloodstained long sword
 71660 | Zig:16   | Identified the cursed +3 long sword of Anxiety {drain, *Corrode rElec rC+} (You found it on level 16 of a ziggurat)
 71672 | Zig:17   | Entered Level 17 of a ziggurat
 71805 | Zig:17   | Got a pair of jewelled boots
 71817 | Zig:17   | Identified the cursed +0 pair of boots of Sovereignty {*Contam +Blink SInv} (You found it on level 17 of a ziggurat)
 71832 | Zig:18   | Entered Level 18 of a ziggurat
 71857 | Zig:18   | Gained mutation: You have sharp toenails. [a shining eye]
 71906 | Zig:18   | Identified the ring "Mujae" {Str+2 Int+3 SInv Stlth-} (You found it on level 18 of a ziggurat)
 71911 | Zig:19   | Entered Level 19 of a ziggurat
 71926 | Zig:19   | Received a gift from Okawaru
 71946 | Zig:19   | Found the +8 longbow "Zephyr" {speed, Dex+3 SInv}
 71946 | Zig:19   | Found the +3 giant club "Skullcrusher" {speed, Str+7}
 71959 | Zig:19   | Identified the Papyrus of Sinister Fire
 71961 | Zig:19   | Identified Sif Muna's Almanac of the Snowflakes and the Blaze
 71980 | Zig:20   | Entered Level 20 of a ziggurat
 72001 | Zig:20   | Noticed a juggernaut
 72003 | Zig:20   | Noticed a juggernaut
 72003 | Zig:20   | Noticed a juggernaut
 72003 | Zig:20   | Noticed a juggernaut
 72003 | Zig:20   | Noticed a juggernaut
 72003 | Zig:20   | Noticed a juggernaut
 72003 | Zig:20   | Noticed a juggernaut
 72003 | Zig:20   | Noticed a juggernaut
 72003 | Zig:20   | Noticed a juggernaut
 72005 | Zig:20   | Noticed a juggernaut
 72006 | Zig:20   | Killed a juggernaut
 72006 | Zig:20   | Killed a juggernaut
 72006 | Zig:20   | Killed a juggernaut
 72006 | Zig:20   | Killed a juggernaut
 72007 | Zig:20   | Killed a juggernaut
 72007 | Zig:20   | Killed a juggernaut
 72007 | Zig:20   | Received a gift from Okawaru
 72007 | Zig:20   | Killed a juggernaut
 72007 | Zig:20   | Received a gift from Okawaru
 72007 | Zig:20   | Killed a juggernaut
 72007 | Zig:20   | Killed a juggernaut
 72007 | Zig:20   | Received a gift from Okawaru
 72007 | Zig:20   | Noticed a juggernaut
 72013 | Zig:20   | Killed a juggernaut
 72020 | Zig:20   | Killed a juggernaut
 72066 | Zig:20   | Learned a level 9 spell: Glaciate
 72067 | Zig:21   | Entered Level 21 of a ziggurat
 72102 | Zig:21   | Found the steaming robe
 72104 | Zig:21   | Received a gift from Okawaru
 72134 | Zig:21   | Got a steaming robe
 72145 | Zig:21   | Identified the cursed -5 robe of Misfortune {-Cast *Contam *Tele *Drain EV-5 Stlth-- *Curse} (You found it on level 21 of a ziggurat)
 72159 | Zig:22   | Entered Level 22 of a ziggurat
 72190 | Zig:22   | Received a gift from Okawaru
 72251 | Zig:22   | Got a glittering lapis lazuli ring
 72256 | Zig:22   | Identified the cursed ring of Dyixotog {*Slow +Blink MR+ Str-3 SInv} (You found it on level 22 of a ziggurat)
 72258 | Zig:22   | Got a vibrating pewter ring
 72260 | Zig:22   | Identified the ring of the Pharaoh's Fist {MR+ Str+7} (You acquired it on level 22 of a ziggurat)
 72269 | Zig:22   | Got a scorched long sword
 72322 | Hell     | Learned a level 8 spell: Necromutation
 72622 | Crypt:1  | Entered Level 1 of the Crypt
 72738 | Crypt:3  | Entered Level 3 of the Crypt
 72752 | Crypt:3  | Received a gift from Okawaru
 73139 | Crypt:3  | Got a sparkling pewter ring
 73140 | Crypt:3  | Identified the ring "Naxuh" {rPois rF+++ rN+ Int-5 SInv} (You took it off a vampire on level 3 of the Crypt)
 73163 | Crypt:3  | Got a vibrating brass ring
 73208 | Crypt:3  | Got a brightly glowing lead ring
 73328 | Crypt:3  | Identified the ring of Loraosed {rN+ Dex+4 SInv} (You found it on level 3 of the Crypt)
 73331 | Crypt:3  | Identified the ring "Kaewn" {+Fly rPois rN+ Str-3 Int+9} (You took it off a vampire on level 3 of the Crypt)
 73530 | Crypt:3  | Found a staircase to the Tomb.
 73538 | Tomb:1   | Entered Level 1 of the Tomb of the Ancients
 73783 | Tomb:1   | Noticed a greater mummy
 73811 | Tomb:1   | Killed a greater mummy
 74067 | Tomb:1   | Noticed a greater mummy
 74101 | Tomb:1   | Killed a greater mummy
 74101 | Tomb:1   | Received a gift from Okawaru
 74137 | Tomb:1   | Noticed a greater mummy
 74153 | Tomb:1   | Killed a greater mummy
 74262 | Tomb:2   | Noticed a greater mummy
 74262 | Tomb:2   | Noticed a greater mummy
 74263 | Tomb:2   | Noticed a greater mummy
 74263 | Tomb:2   | Noticed a greater mummy
 74265 | Tomb:2   | Noticed an ancient lich
 74272 | Tomb:2   | Killed an ancient lich
 74272 | Tomb:2   | Killed a greater mummy
 74273 | Tomb:2   | Killed a greater mummy
 74274 | Tomb:2   | Killed a greater mummy
 74276 | Tomb:2   | Killed a greater mummy
 74718 | Tomb:1   | Noticed a greater mummy
 74718 | Tomb:1   | Noticed a greater mummy
 74728 | Tomb:1   | Killed a greater mummy
 74730 | Tomb:1   | Killed a greater mummy
 74765 | Tomb:1   | Noticed a greater mummy
 74770 | Tomb:1   | Noticed a greater mummy
 74782 | Tomb:1   | Killed a greater mummy
 74783 | Tomb:1   | Received a gift from Okawaru
 74787 | Tomb:1   | Killed a greater mummy
 74812 | Tomb:1   | Noticed a greater mummy
 74821 | Tomb:1   | Noticed a greater mummy
 74824 | Tomb:1   | Killed a greater mummy
 74830 | Tomb:1   | Noticed a greater mummy
 74839 | Tomb:1   | Killed a greater mummy
 74846 | Tomb:1   | Killed a greater mummy
 74851 | Tomb:1   | Noticed a greater mummy
 74863 | Tomb:1   | Killed a greater mummy
 74901 | Tomb:1   | Noticed a greater mummy
 74914 | Tomb:1   | Killed a greater mummy
 74923 | Tomb:1   | Noticed a greater mummy
 74936 | Tomb:1   | Killed a greater mummy
 74937 | Tomb:1   | Noticed a greater mummy
 74957 | Tomb:1   | Noticed a greater mummy
 74961 | Tomb:1   | Killed a greater mummy
 74968 | Tomb:1   | Killed a greater mummy
 75016 | Tomb:1   | Noticed a greater mummy
 75027 | Tomb:1   | Noticed a greater mummy
 75039 | Tomb:1   | Killed a greater mummy
 75039 | Tomb:1   | Received a gift from Okawaru
 75056 | Tomb:1   | Killed a greater mummy
 75063 | Tomb:1   | Identified the +4 large shield "Iget Uti" {rPois rC- rN+ MR+} (Okawaru gifted it to you on level 1 of the Tomb of the Ancients)
 75095 | Tomb:1   | Noticed a greater mummy
 75111 | Tomb:1   | Killed a greater mummy
 75124 | Tomb:1   | Noticed a greater mummy
 75134 | Tomb:1   | Noticed a greater mummy
 75142 | Tomb:1   | Killed a greater mummy
 75152 | Tomb:1   | Killed a greater mummy
 75193 | Tomb:1   | Noticed a greater mummy
 75217 | Tomb:1   | Killed a greater mummy
 75379 | Tomb:3   | Entered Level 3 of the Tomb of the Ancients
 75426 | Tomb:3   | Got a translucent bronze ring
 75453 | Tomb:3   | Noticed a greater mummy
 75460 | Tomb:3   | Noticed a greater mummy
 75462 | Tomb:3   | Noticed a greater mummy
 75464 | Tomb:3   | Noticed a greater mummy
 75472 | Tomb:3   | Killed a greater mummy
 75473 | Tomb:3   | HP: 8/242 [the power of Zot (43)]
 75473 | Tomb:3   | Splashed with acid

Skill      XL: |  1  2  3  4  5  6  7  8  9 10 11 12 13 14 15 16 17 18 19 20 21 22 23 24 25 26 27 |
---------------+----------------------------------------------------------------------------------+-----
Fighting       | 13 14 15 16 17 18 19 25 | 25.3
Invocations    | 1 2 3 4 5 6 7 8 9 10 11 12 13 14 15 16 17 18 25 | 25.2
Long Blades    | 1 2 3 4 5 6 7 8 9 10 11 12 13 14 15 16 23 | 23.5
Axes           | 1 2 3 4 5 6 7 8 9 10 11 12 13 14 15 16 24 | 24.1
Maces & Flails | 1 2 3 4 5 6 7 8 9 10 11 12 13 14 15 16 23 | 23.5
Polearms       | 1 2 3 4 5 6 7 8 9 10 11 12 13 14 15 16 23 | 23.5
Staves         | 1 2 3 4 5 6 7 8 9 10 11 12 13 14 15 16 23 | 23.5
Slings         | 1 2 3 4 5 6 7 8 9 10 11 12 13 14 15 16 23 | 23.5
Bows           | 1 2 3 4 5 6 7 8 9 10 11 12 13 14 15 16 23 | 23.5
Crossbows      | 1 2 3 4 5 6 7 8 9 10 11 12 13 14 15 16 23 | 23.5
Throwing       | 1 2 3 4 5 6 7 8 9 10 11 12 13 14 15 16 23 | 23.5
Dodging        | 1 2 3 4 5 6 7 8 9 10 11 12 13 14 15 16 24 | 24.5
Stealth        | 1 2 3 4 5 6 7 8 9 10 11 12 13 14 15 16 23 | 23.6
Unarmed Combat | 1 2 3 4 5 6 7 8 9 10 11 12 13 14 15 16 23 | 23.5
Spellcasting   | 1 2 3 4 5 6 7 8 9 10 11 12 13 14 15 16 23 | 23.5
Conjurations   | 1 2 3 4 5 6 7 8 9 10 11 12 13 14 20 | 20.5
Hexes          | 1 2 3 4 5 6 7 8 9 10 11 12 13 14 20 | 20.5
Charms         | 1 2 3 4 5 6 7 8 9 10 11 12 13 14 20 | 20.5
Summonings     | 1 2 3 4 5 6 7 8 9 10 11 12 13 14 20 | 20.5
Necromancy     | 1 2 3 4 5 6 7 8 9 10 11 12 13 14 20 | 20.5
Translocations | 1 2 3 4 5 6 7 8 9 10 11 12 13 14 20 | 20.5
Transmutations | 1 2 3 4 5 6 7 8 9 10 11 12 13 14 20 | 20.5
Fire Magic     | 1 2 3 4 5 6 7 8 9 10 11 12 13 14 20 | 20.5
Ice Magic      | 1 2 3 4 5 6 7 8 9 10 11 12 13 14 20 | 20.5
Air Magic      | 1 2 3 4 5 6 7 8 9 10 11 12 13 14 21 | 21.8
Earth Magic    | 1 2 3 4 5 6 7 8 9 10 11 12 13 14 20 | 20.5
Poison Magic   | 1 2 3 4 5 6 7 8 9 10 11 12 13 14 20 | 20.5
Short Blades   | 3 4 5 6 7 8 9 10 11 12 13 14 15 16 23 | 23.6
Armour         | 3 4 5 6 7 8 9 10 11 12 13 14 15 16 23 | 23.6
Shields        | 3 4 5 6 7 8 9 10 11 12 13 14 15 16 23 | 23.6
Evocations     | 3 4 5 6 7 8 9 10 11 12 13 14 15 16 23 | 23.6

Action                   |  1- 3 |  4- 6 |  7- 9 | 10-12 | 13-15 | 16-18 | 19-21 | 22-24 | 25-27 || total
-------------------------+-------+-------+-------+-------+-------+-------+-------+-------+-------++-------
Melee: Short sword       |    94 |   146 |   194 |    26 |   260 |       |       |       |       ||   720
       Bite              |     9 |    29 |    54 |    85 |   130 |   154 |   195 |   396 |   987 ||  2039
       Dagger            |       |     6 |   210 |   528 |    35 |       |       |       |       ||   779
       Punch             |       |     2 |    11 |    28 |    55 |    14 |    20 |       |       ||   130
       Halberd           |       |       |       |    71 |    48 |       |       |       |       ||   119
       Quick blade       |       |       |       |       |   432 |   750 |   916 |  1658 |   482 ||  4238
       Flail             |       |       |       |       |    10 |    12 |    21 |    21 |  1422 ||  1486
       Unarmed           |       |       |       |       |       |       |    19 |       |  3672 ||  3691
       Double sword      |       |       |       |       |       |       |       |       |    16 ||    16
       Headbutt          |       |       |       |       |       |       |       |       |   266 ||   266
       Kick              |       |       |       |       |       |       |       |       |    77 ||    77
       Staff             |       |       |       |       |       |       |       |       |    29 ||    29
 Fire: Hunting sling     |       |       |    70 |    46 |       |       |       |       |   290 ||   406
       Blowgun           |       |       |    50 |     6 |    14 |    14 |       |       |   104 ||   188
       Fustibalus        |       |       |       |     9 |    70 |   498 |    16 |       |       ||   593
       Hand crossbow     |       |       |       |       |       |       |    88 |   388 |   814 ||  1290
Throw: Tomahawk          |       |     1 |    17 |    22 |    66 |    34 |       |    18 |   112 ||   270
       Stone             |       |       |     3 |       |       |       |       |       |       ||     3
       Javelin           |       |       |       |       |    18 |    31 |    26 |       |   173 ||   248
       Throwing net      |       |       |       |       |     2 |     1 |     3 |       |     6 ||    12
 Cast: Mephitic Cloud    |       |       |    10 |    53 |   106 |    71 |    68 |   115 |    86 ||   509
       Animate Skeleton  |       |       |     7 |    51 |   101 |    51 |   121 |   208 |   178 ||   717
       Apportation       |       |       |     6 |     7 |    78 |   350 |    97 |   190 |   833 ||  1561
       Conjure Flame     |       |       |     2 |    22 |     1 |     4 |     1 |     5 |    47 ||    82
       Blink             |       |       |     2 |    11 |     8 |       |       |       |    15 ||    36
       Summon Forest     |       |       |       |       |     1 |     8 |     1 |     5 |     9 ||    24
       Petrify           |       |       |       |       |       |    18 |       |       |       ||    18
       Borgnjor's Vile C |       |       |       |       |       |    24 |    27 |   110 |   395 ||   556
       Passwall          |       |       |       |       |       |     7 |       |    26 |    84 ||   117
       Regeneration      |       |       |       |       |       |     2 |     9 |    17 |   336 ||   364
       Passage of Golubr |       |       |       |       |       |     1 |    13 |     3 |   165 ||   182
       Lee's Rapid Decon |       |       |       |       |       |       |     4 |     7 |    33 ||    44
       Sublimation of Bl |       |       |       |       |       |       |       |     5 |   157 ||   162
       Invisibility      |       |       |       |       |       |       |       |       |     6 ||     6
       Ignition          |       |       |       |       |       |       |       |       |    56 ||    56
       Statue Form       |       |       |       |       |       |       |       |       |   248 ||   248
       Controlled Blink  |       |       |       |       |       |       |       |       |    74 ||    74
       Summon Lightning  |       |       |       |       |       |       |       |       |    74 ||    74
       Aura of Abjuratio |       |       |       |       |       |       |       |       |    36 ||    36
       Tornado           |       |       |       |       |       |       |       |       |    17 ||    17
       Necromutation     |       |       |       |       |       |       |       |       |    16 ||    16
       Chain Lightning   |       |       |       |       |       |       |       |       |     8 ||     8
       Irradiate         |       |       |       |       |       |       |       |       |     7 ||     7
Invok: Heroism           |       |       |       |       |     1 |     4 |     1 |     2 |    19 ||    27
       Finesse           |       |       |       |       |       |     3 |     1 |       |    21 ||    25
 Abil: End Transformatio |       |       |       |       |       |       |       |       |    45 ||    45
Evoke: Wand              |       |       |    14 |    26 |    54 |    39 |     1 |    10 |    48 ||   192
       Lamp of fire      |       |       |       |       |     3 |       |       |     4 |     8 ||    15
       Phial of floods   |       |       |       |       |       |     2 |       |     3 |       ||     5
       Lightning rod     |       |       |       |       |       |     1 |       |     2 |    10 ||    13
       Sack of spiders   |       |       |       |       |       |       |       |     2 |       ||     2
       Staff of energy   |       |       |       |       |       |       |       |       |   161 ||   161
       Box of beasts     |       |       |       |       |       |       |       |       |     3 ||     3
       Fan of gales      |       |       |       |       |       |       |       |       |     1 ||     1
       Horn of Geryon    |       |       |       |       |       |       |       |       |     1 ||     1
  Use: Scroll            |    10 |     3 |    10 |    10 |    16 |    20 |     9 |    14 |    91 ||   183
       Potion            |       |     2 |     7 |     2 |     3 |     9 |     2 |     7 |    49 ||    81
 Stab: Sleeping          |       |       |    10 |    15 |    13 |     7 |    23 |    39 |    63 ||   170
       Confused          |       |       |     5 |    43 |    74 |    48 |    61 |    75 |   105 ||   411
       Distracted        |       |       |       |     1 |    10 |     1 |     3 |    12 |    67 ||    94
       Paralysed         |       |       |       |       |     9 |     4 |     1 |       |     5 ||    19
       Held in net/web   |       |       |       |       |     3 |     1 |       |       |     1 ||     5
       Invisible         |       |       |       |       |       |     5 |       |       |    30 ||    35
       Petrified         |       |       |       |       |       |    12 |       |       |       ||    12
       Petrifying        |       |       |       |       |       |     4 |       |       |       ||     4
  Eat: Chunk             |     2 |     1 |    13 |    22 |    24 |    15 |    17 |    37 |    31 ||   162
       Ration            |       |       |     1 |       |     1 |     5 |     1 |     1 |    47 ||    56
Armor: Ring mail         |    43 |    47 |   143 |   176 |   233 |   147 |    26 |       |       ||   815
       Swamp dragon scal |       |       |       |       |       |       |    57 |   171 |   325 ||   553
       Skin              |       |       |       |       |       |       |       |       |   868 ||   868
       Robe              |       |       |       |       |       |       |       |       |    76 ||    76
Dodge: Dodged            |    53 |    57 |   220 |   302 |   486 |   373 |   265 |   642 |  5683 ||  8081
Block: Buckler           |       |       |       |       |       |   150 |   156 |   427 |   355 ||  1088
       Shield            |       |       |       |       |       |       |       |       |  5077 ||  5077
       Reflection        |       |       |       |       |       |       |       |       |     5 ||     5
       Rpst.: Dagger     |       |       |       |       |    14 |       |       |       |       ||    14
       Short sword       |       |       |       |       |     9 |       |       |       |       ||     9
       Halberd           |       |       |       |       |     5 |       |       |       |       ||     5
       Double sword      |       |       |       |       |       |       |       |       |     2 ||     2
